Workbook
Name BDI: BDI!$C$37
Name DADOS: [1]DADOS!$A$6:$A$13
Name ETAPA: [1]DADOS!$A$2:$A$3

Sheet ORÇAMENTO_GERAL
B2: PLANILHA DE QUANTITATIVOS | G2: SEM DESONERAÇÃO | K2: TAB. REF.: SINAPI, SICRO
B3: PREFEITURA MUNICIPAL DE COLATINA/ES | G3: BDI: 28,24%
B4: OBRA: CONTENÇÃO DE ENCOSTA, DRENAGEM E REVITALIZAÇÃO DE INFRAESTUTURA URBANA. | G4: BDI DIF: -
B5: EXTENSÃO: XXXXXXXXXXX m2 | G5: BONIFICAÇÃO: - | K5: DATA-BASE: SETEMBRO/2025
B6: LOCAL: BAIRRO VISTA DA SERRA, MUNICÍPIO DE COLATINA/ES | G6: LEIS SOCIAIS: SINAPI - 116,89% (hora) 72,95% (mês)
B7: ORÇAMENTISTA: xxxxxxxxxxxxxxxxxxxxxxxxxxxxxxxxx
B8: ITEM | C8: ÓRGÃO | D8: CÓDIGO | E8: DESCRIÇÃO DO SERVIÇO | F8: UNIDADE | G8: QUANTIDADE | H8: CUSTO UNITÁRIO (R$) | I8: BDI | J8: PREÇO UNITÁRIO (R$) C/ BDI | K8: REAJUSTE | M8: CUSTO TOTAL (R$)
K9: ÍNDICE | L9: VALOR
B10: 1 | E10: LABORATÓRIO, CAMPO E TREINAMENTOS
B11: 01.01 | C11: SINAPI-ES | D11: 41089 | E11: TECNICO EM LABORATORIO E CAMPO DE CONSTRUCAO CIVIL (MENSALISTA) | F11: MES | G11: =MEMORIAL_QUANT.!K12 -> 18 | H11: 8758.11 | I11: 0.2824 | J11: =ROUND(H11*(1+I11),2) -> 11231.4 | K11: - | L11: 1 | M11: =ROUND(J11*G11*L11,2) -> 202165.2
B12: 01.02 | C12: SINAPI-ES | D12: 100299 | E12: CURSO DE CAPACITAÇÃO PARA TÉCNICO EM SEGURANÇA DO TRABALHO (ENCARGOS COMPLEMENTARES) - HORISTA | F12: H | G12: =MEMORIAL_QUANT.!K13 -> 800 | H12: 0.63 | I12: 0.2824 | J12: =ROUND(H12*(1+I12),2) -> 0.81 | K12: - | L12: 1 | M12: =ROUND(J12*G12*L12,2) -> 648
B13: 01.03 | C13: SINAPI-ES | D13: 105009 | E13: LOCAÇÃO CONVENCIONAL DE OBRA, UTILIZANDO GABARITO DE TÁBUAS CORRIDAS PONTALETADAS A CADA 1,50M - 2 UTILIZAÇÕES. AF_03/2024 | F13: M | G13: =MEMORIAL_QUANT.!K16 -> 200 | H13: 93.67 | I13: 0.2824 | J13: =ROUND(H13*(1+I13),2) -> 120.12 | K13: - | L13: 1 | M13: =ROUND(J13*G13*L13,2) -> 24024
B14: 01.04 | C14: SINAPI-ES | D14: 105007 | E14: LOCAÇÃO DE PRAÇAS EM PONTALETEAMENTO. AF_03/2024 | F14: UN | G14: =MEMORIAL_QUANT.!K17 -> 1000 | H14: 47.74 | I14: 0.2824 | J14: =ROUND(H14*(1+I14),2) -> 61.22 | K14: - | L14: 1 | M14: =ROUND(J14*G14*L14,2) -> 61220
B15: 01.05 | C15: MERC-01 | D15: - | E15: ENSAIO DE CARACTERIZAÇÃO DE SOLO COMPLETA (GRANULOMETRIA / LL / LP) | F15: UND | G15: =MEMORIAL_QUANT.!K18 -> 11 | H15: 643.55 | I15: 0.2824 | J15: =ROUND(H15*(1+I15),2) -> 825.29 | K15: - | L15: 1 | M15: =ROUND(J15*G15*L15,2) -> 9078.19
B16: 01.06 | C16: MERC-02 | D16: - | E16: ENSAIO DE COMPACTAÇÃO DE SOLO | F16: UND | G16: =MEMORIAL_QUANT.!K19 -> 55 | H16: 2112.81 | I16: 0.2824 | J16: =ROUND(H16*(1+I16),2) -> 2709.47 | K16: - | L16: 1 | M16: =ROUND(J16*G16*L16,2) -> 149020.85
B17: 01.07 | C17: MERC-03 | D17: - | E17: COLETA DE AMOSTRAS DEFORMADAS | F17: UND | G17: =MEMORIAL_QUANT.!K20 -> 55 | H17: 1055 | I17: 0.2824 | J17: =ROUND(H17*(1+I17),2) -> 1352.93 | K17: - | L17: 1 | M17: =ROUND(J17*G17*L17,2) -> 74411.15
K18: TOTAL DO ITEM: | M18: =SUM(M11:M17) -> 520567.39
B20: 2 | E20: MOBILIZAÇÃO E DESMOBILIZAÇÃO
B21: 02.01 | C21: SINAPI-ES | D21: 98459 | E21: TAPUME COM TELHA METÁLICA. AF_03/2024 | F21: M2 | G21: =MEMORIAL_QUANT.!K23 -> 700 | H21: 94.13 | I21: 0.2824 | J21: =ROUND(H21*(1+I21),2) -> 120.71 | K21: - | L21: 1 | M21: =ROUND(J21*G21*L21,2) -> 84497
B22: 02.02 | C22: SINAPI-ES | D22: 34723 | E22: PLACA DE SINALIZACAO EM CHAPA DE ACO NUM 16 COM PINTURA REFLETIVA | F22: M2 | G22: =MEMORIAL_QUANT.!K24 -> 4 | H22: 924 | I22: 0.2824 | J22: =ROUND(H22*(1+I22),2) -> 1184.94 | K22: - | L22: 1 | M22: =ROUND(J22*G22*L22,2) -> 4739.76
B23: 02.03 | C23: SINAPI-ES | D23: 103689 | E23: FORNECIMENTO E INSTALAÇÃO DE PLACA DE OBRA COM CHAPA GALVANIZADA E ESTRUTURA DE MADEIRA. AF_03/2022_PS | F23: M2 | G23: =MEMORIAL_QUANT.!K25 -> 10 | H23: 469.31 | I23: 0.2824 | J23: =ROUND(H23*(1+I23),2) -> 601.84 | K23: - | L23: 1 | M23: =ROUND(J23*G23*L23,2) -> 6018.4
B24: 02.04 | C24: SINAPI-ES | D24: 13244 | E24: CONE DE SINALIZACAO EM PVC RIGIDO COM FAIXA REFLETIVA, H = 70 / 76 CM | F24: UN | G24: =MEMORIAL_QUANT.!K26 -> 30 | H24: 39.69 | I24: 0.2824 | J24: =ROUND(H24*(1+I24),2) -> 50.9 | K24: - | L24: 1 | M24: =ROUND(J24*G24*L24,2) -> 1527
B25: 02.05 | C25: SINAPI-ES | D25: 37524 | E25: TELA PLASTICA LARANJA, TIPO TAPUME PARA SINALIZACAO, MALHA RETANGULAR, ROLO 1.20 X 50 M (L X C) | F25: M | G25: =MEMORIAL_QUANT.!K27 -> 500 | H25: 1.96 | I25: 0.2824 | J25: =ROUND(H25*(1+I25),2) -> 2.51 | K25: - | L25: 1 | M25: =ROUND(J25*G25*L25,2) -> 1255
B26: 02.06 | C26: SINAPI-ES | D26: 101505 | E26: ENTRADA DE ENERGIA ELÉTRICA, AÉREA, TRIFÁSICA, COM CAIXA DE SOBREPOR, CABO DE 10 MM2 E DISJUNTOR DIN 50A (NÃO INCLUSO O POSTE DE CONCRETO). AF_07/2020_PS | F26: UN | G26: =MEMORIAL_QUANT.!K28 -> 2 | H26: 2108.44 | I26: 0.2824 | J26: =ROUND(H26*(1+I26),2) -> 2703.86 | K26: - | L26: 1 | M26: =ROUND(J26*G26*L26,2) -> 5407.72
B27: 02.07 | C27: SINAPI-ES | D27: 105113 | E27: ESTRUTURA DE MADEIRA PROVISÓRIA PARA SUPORTE DE CAIXA D'ÁGUA ELEVADA DE 2000 LITROS. AF_03/2024 | F27: UN | G27: =MEMORIAL_QUANT.!K31 -> 2 | H27: 8474.96 | I27: 0.2824 | J27: =ROUND(H27*(1+I27),2) -> 10868.29 | K27: - | L27: 1 | M27: =ROUND(J27*G27*L27,2) -> 21736.58
B28: 02.08 | C28: SINAPI-ES | D28: 102615 | E28: CAIXA D´ÁGUA EM POLIÉSTER REFORÇADO COM FIBRA DE VIDRO, 2000 LITROS - FORNECIMENTO E INSTALAÇÃO. AF_06/2021 | F28: UN | G28: =MEMORIAL_QUANT.!K32 -> 3 | H28: 1280.99 | I28: 0.2824 | J28: =ROUND(H28*(1+I28),2) -> 1642.74 | K28: - | L28: 1 | M28: =ROUND(J28*G28*L28,2) -> 4928.22
B29: 02.09 | C29: SINAPI-ES | D29: 10775 | E29: LOCACAO DE CONTAINER 2,30 X 6,00 M, ALT. 2,50 M, COM 1 SANITARIO, PARA ESCRITORIO, COMPLETO, SEM DIVISORIAS INTERNAS (NAO INCLUI MOBILIZACAO/DESMOBILIZACAO) | F29: MES | G29: =MEMORIAL_QUANT.!K33 -> 18 | H29: 1250 | I29: 0.2824 | J29: =ROUND(H29*(1+I29),2) -> 1603 | K29: - | L29: 1 | M29: =ROUND(J29*G29*L29,2) -> 28854
B30: 02.10 | C30: SINAPI-ES | D30: 10776 | E30: LOCACAO DE CONTAINER 2,30 X 6,00 M, ALT. 2,50 M, PARA ESCRITORIO, SEM DIVISORIAS INTERNAS E SEM SANITARIO (NAO INCLUI MOBILIZACAO/DESMOBILIZACAO) | F30: MES | G30: =MEMORIAL_QUANT.!K35 -> 360 | H30: 976.56 | I30: 0.2824 | J30: =ROUND(H30*(1+I30),2) -> 1252.34 | K30: - | L30: 1 | M30: =ROUND(J30*G30*L30,2) -> 450842.4
B31: 02.11 | C31: SINAPI-ES | D31: 10778 | E31: LOCACAO DE CONTAINER 2,30 X 6,00 M, ALT. 2,50 M, PARA SANITARIO, COM 4 BACIAS, 8 CHUVEIROS,1 LAVATORIO E 1 MICTORIO (NAO INCLUI MOBILIZACAO/DESMOBILIZACAO) | F31: MES | G31: =MEMORIAL_QUANT.!K40 -> 72 | H31: 1562.5 | I31: 0.2824 | J31: =ROUND(H31*(1+I31),2) -> 2003.75 | K31: - | L31: 1 | M31: =ROUND(J31*G31*L31,2) -> 144270
B32: 02.12 | C32: SINAPI-ES | D32: 105115 | E32: INSTALAÇÃO E DESINSTALAÇÃO MECANIZADA DE CONTÊINER OU MÓDULO HABITÁVEL DE USOS DIVERSOS. AF_03/2024 | F32: UN | G32: =MEMORIAL_QUANT.!K42 -> 25 | H32: 141.42 | I32: 0.2824 | J32: =ROUND(H32*(1+I32),2) -> 181.36 | K32: - | L32: 1 | M32: =ROUND(J32*G32*L32,2) -> 4534
B33: 02.13 | C33: SINAPI-ES | D33: 97637 | E33: REMOÇÃO DE TAPUME/ CHAPAS METÁLICAS E DE MADEIRA, DE FORMA MANUAL, SEM REAPROVEITAMENTO. AF_09/2023 | F33: M2 | G33: =MEMORIAL_QUANT.!K49 -> 700 | H33: 3.75 | I33: 0.2824 | J33: =ROUND(H33*(1+I33),2) -> 4.81 | K33: - | L33: 1 | M33: =ROUND(J33*G33*L33,2) -> 3367
B34: 02.14 | C34: SINAPI-ES | D34: 95879 | E34: TRANSPORTE COM CAMINHÃO BASCULANTE DE 14 M³, EM VIA URBANA PAVIMENTADA, DMT ATÉ 30 KM (UNIDADE: TXKM). AF_07/2020 | F34: TXKM | G34: =MEMORIAL_QUANT.!K50 -> 2000 | H34: 1.47 | I34: 0.2824 | J34: =ROUND(H34*(1+I34),2) -> 1.89 | K34: - | L34: 1 | M34: =ROUND(J34*G34*L34,2) -> 3780
B35: 02.15 | C35: SINAPI-ES | D35: 100999 | E35: CARGA, MANOBRA E DESCARGA DE ENTULHO EM CAMINHÃO BASCULANTE 14 M³ - CARGA COM ESCAVADEIRA HIDRÁULICA (CAÇAMBA DE 0,80 M³ / 111 HP) E DESCARGA LIVRE (UNIDADE: T). AF_07/2020 | F35: T | G35: =MEMORIAL_QUANT.!K51 -> 50 | H35: 6.19 | I35: 0.2824 | J35: =ROUND(H35*(1+I35),2) -> 7.94 | K35: - | L35: 1 | M35: =ROUND(J35*G35*L35,2) -> 397
K36: TOTAL DO ITEM: | M36: =SUM(M21:M35) -> 766154.08
B38: 3 | E38: MOVIMENTAÇÃO DE TERRA
B39: 03.01 | C39: SINAPI-ES | D39: 98525 | E39: LIMPEZA MECANIZADA DE CAMADA VEGETAL, VEGETAÇÃO E PEQUENAS ÁRVORES (DIÂMETRO DE TRONCO MENOR QUE 0,20 M), COM TRATOR DE ESTEIRAS. AF_03/2024 | F39: M2 | G39: =MEMORIAL_QUANT.!K54 -> 16652.9 | H39: 0.75 | I39: 0.2824 | J39: =ROUND(H39*(1+I39),2) -> 0.96 | K39: - | L39: 1 | M39: =ROUND(J39*G39*L39,2) -> 15986.78
B40: 03.02 | C40: SINAPI-ES | D40: 98524 | E40: LIMPEZA MANUAL DE VEGETAÇÃO EM TERRENO COM ENXADA. AF_03/2024 | F40: M2 | G40: =MEMORIAL_QUANT.!K58 -> 4571.6 | H40: 5.7 | I40: 0.2824 | J40: =ROUND(H40*(1+I40),2) -> 7.31 | K40: - | L40: 1 | M40: =ROUND(J40*G40*L40,2) -> 33418.4
B41: 03.03 | C41: SINAPI-ES | D41: 104947 | E41: DRAGAGEM DE MATERIAIS DE 1A CATEGORIA E COMPOSTOS ORGÂNICOS E INORGÂNICOS COM RETROESCAVADEIRA (CAÇAMBA: 0,26 M3/88 HP). AF_03/2024 | F41: M3 | G41: =MEMORIAL_QUANT.!K63 -> 200 | H41: 13.15 | I41: 0.2824 | J41: =ROUND(H41*(1+I41),2) -> 16.86 | K41: - | L41: 1 | M41: =ROUND(J41*G41*L41,2) -> 3372
B42: 03.04 | C42: SINAPI-ES | D42: 101234 | E42: ESCAVAÇÃO VERTICAL PARA INFRAESTRUTURA, COM CARGA, DESCARGA E TRANSPORTE DE SOLO DE 1ª CATEGORIA, COM ESCAVADEIRA HIDRÁULICA (CAÇAMBA: 0,8 M³ / 111HP), FROTA DE 5 CAMINHÕES BASCULANTES DE 14 M³, DMT DE 1,5 KM E VELOCIDADE MÉDIA18 KM/H. AF_05/2020 | F42: M3 | G42: =MEMORIAL_QUANT.!K65 -> 51273.67 | H42: 17.64 | I42: 0.2824 | J42: =ROUND(H42*(1+I42),2) -> 22.62 | K42: - | L42: 1 | M42: =ROUND(J42*G42*L42,2) -> 1159810.4
B43: 03.05 | C43: SINAPI-ES | D43: 101238 | E43: ESCAVAÇÃO VERTICAL PARA INFRAESTRUTURA, COM CARGA, DESCARGA E TRANSPORTE DE SOLO DE 1ª CATEGORIA, COM ESCAVADEIRA HIDRÁULICA (CAÇAMBA: 0,8 M³ / 111HP), FROTA DE 8 CAMINHÕES BASCULANTES DE 14 M³, DMT DE 6 KM E VELOCIDADE MÉDIA 22 KM/H. AF_05/2020 | F43: M3 | G43: =MEMORIAL_QUANT.!K71 -> 79928.67 | H43: 29.03 | I43: 0.2824 | J43: =ROUND(H43*(1+I43),2) -> 37.23 | K43: - | L43: 1 | M43: =ROUND(J43*G43*L43,2) -> 2975744.4
B44: 03.06 | C44: SINAPI-ES | D44: 105558 | E44: EXECUÇÃO E COMPACTAÇÃO DE CAMADA FINAL DE ATERRO (100% DE ENERGIA DO PROCTOR NORMAL) COM SOLO PREDOMINANTEMENTE ARGILOSO, EM CAMADAS COM ESPESSURA DE 15 CM - EXCLUSIVE ESCAVAÇÃO, CARGA E TRANSPORTE E SOLO. AF_09/2024 | F44: M3 | G44: =MEMORIAL_QUANT.!K79 -> 31577.52 | H44: 14.97 | I44: 0.2824 | J44: =ROUND(H44*(1+I44),2) -> 19.2 | K44: - | L44: 1 | M44: =ROUND(J44*G44*L44,2) -> 606288.38
B45: 03.07 | C45: SINAPI-ES | D45: 93358 | E45: ESCAVAÇÃO MANUAL DE VALA. AF_09/2024 | F45: M3 | G45: =MEMORIAL_QUANT.!K85 -> 12201.12 | H45: 105.81 | I45: 0.2824 | J45: =ROUND(H45*(1+I45),2) -> 135.69 | K45: - | L45: 1 | M45: =ROUND(J45*G45*L45,2) -> 1655570
B46: 03.08 | C46: SICRO-ES | D46: 4815671 | E46: REATERRO E COMPACTAÇÃO COM SOQUETE VIBRATÓRIO | F46: M3 | G46: =MEMORIAL_QUANT.!K91 -> 3917 | H46: 18.54 | I46: 0.2824 | J46: =ROUND(H46*(1+I46),2) -> 23.78 | K46: Terraplenagem | L46: 1.004 | M46: =ROUND(J46*G46*L46,2) -> 93518.85
B47: 03.09 | C47: SINAPI-ES | D47: 93592 | E47: TRANSPORTE COM CAMINHÃO BASCULANTE DE 14 M³, EM VIA URBANA EM REVESTIMENTO PRIMÁRIO (UNIDADE: M3XKM). AF_07/2020 | F47: M3XKM | G47: =MEMORIAL_QUANT.!K95 -> 28587.38 | H47: 2.4 | I47: 0.2824 | J47: =ROUND(H47*(1+I47),2) -> 3.08 | K47: - | L47: 1 | M47: =ROUND(J47*G47*L47,2) -> 88049.13
B48: 03.10 | C48: SINAPI-ES | D48: 100205 | E48: TRANSPORTE HORIZONTAL COM JERICA DE 60 L, DE MASSA/ GRANEL (UNIDADE: M3XKM). AF_07/2019 | F48: M3XKM | G48: =MEMORIAL_QUANT.!K101 -> 476.46 | H48: 1827.19 | I48: 0.2824 | J48: =ROUND(H48*(1+I48),2) -> 2343.19 | K48: - | L48: 1 | M48: =ROUND(J48*G48*L48,2) -> 1116436.3
B49: 03.11 | C49: SINAPI-ES | D49: 100979 | E49: CARGA, MANOBRA E DESCARGA DE SOLOS E MATERIAIS GRANULARES EM CAMINHÃO BASCULANTE 14 M³ - CARGA COM ESCAVADEIRA HIDRÁULICA (CAÇAMBA DE 1,20 M³ / 155 HP) E DESCARGA LIVRE (UNIDADE: M3). AF_07/2020 | F49: M3 | G49: =MEMORIAL_QUANT.!K106 -> 4904.56 | H49: 6.84 | I49: 0.2824 | J49: =ROUND(H49*(1+I49),2) -> 8.77 | K49: - | L49: 1 | M49: =ROUND(J49*G49*L49,2) -> 43012.99
B50: 03.12 | C50: SINAPI-ES | D50: 102355 | E50: DESMONTE DE MATERIAL DE 3ª CATEGORIA (BLOCOS DE ROCHAS OU MATACOS), EM VALA, COM MARTELETE PNEUMÁTICO MANUAL - EXCLUSIVE RETIRADA, CARGA E TRANSPORTE. AF_03/2021 | F50: M3 | G50: =MEMORIAL_QUANT.!K112 -> 100 | H50: 197.84 | I50: 0.2824 | J50: =ROUND(H50*(1+I50),2) -> 253.71 | K50: - | L50: 1 | M50: =ROUND(J50*G50*L50,2) -> 25371
B51: 03.13 | C51: SINAPI-ES | D51: 102360 | E51: RETIRADA DE MATERIAL DE 3ª CATEGORIA (APÓS ESCAVAÇÃO/DESMONTE) EM VALAS, COM ESCAVADEIRA HIDRÁULICA - EXCLUSIVE CARGA E TRANSPORTE. AF_03/2021 | F51: M3 | G51: =MEMORIAL_QUANT.!K114 -> 100 | H51: 26.69 | I51: 0.2824 | J51: =ROUND(H51*(1+I51),2) -> 34.23 | K51: - | L51: 1 | M51: =ROUND(J51*G51*L51,2) -> 3423
J52: TOTAL DO ITEM: | M52: =SUM(M39:M51) -> 7820001.6
B54: 4 | E54: SOLO GRAMPEADO
B55: 04.01 | C55: SINAPI-ES | D55: 43055 | E55: ACO CA-50, 12,5 MM OU 16,0 MM, VERGALHAO | F55: KG | G55: =MEMORIAL_QUANT.!K117 -> 28649.23 | H55: 7.94 | I55: 0.2824 | J55: =ROUND(H55*(1+I55),2) -> 10.18 | K55: - | L55: 1 | M55: =ROUND(J55*G55*L55,2) -> 291649.16
B56: 04.02 | C56: SINAPI-ES | D56: 39013 | E56: ESPACADOR/SEPARADOR /CENTRALIZADOR DE BARRA DE ACO, PLASTICO, (CHUMBADOR TIPO CARAMBOLA - CB), DIAMETRO INTERNO ATE 20 MM | F56: UN | G56: =MEMORIAL_QUANT.!K120 -> 893 | H56: 1.14 | I56: 0.2824 | J56: =ROUND(H56*(1+I56),2) -> 1.46 | K56: - | L56: 1 | M56: =ROUND(J56*G56*L56,2) -> 1303.78
B57: 04.03 | C57: SINAPI-ES | D57: 90279 | E57: GRAUTE FGK=20 MPA; TRAÇO 1:0,04:1,8:2,1 (EM MASSA SECA DE CIMENTO/ CAL/ AREIA GROSSA/ BRITA 0) - PREPARO MECÂNICO COM BETONEIRA 400 L. AF_09/2021 | F57: M3 | G57: =MEMORIAL_QUANT.!K122 -> 129.75 | H57: 575.49 | I57: 0.2824 | J57: =ROUND(H57*(1+I57),2) -> 738.01 | K57: - | L57: 1 | M57: =ROUND(J57*G57*L57,2) -> 95756.8
B58: 04.04 | C58: SINAPI-ES | D58: 104849 | E58: EXECUÇÃO DE PERFURAÇÃO PARA TIRANTE, COMPRIMENTO MAIOR OU IGUAL A 14 M E MENOR QUE 22 M, COM DIÂMETRO DE FURO DE 100 MM EXECUTADO COM HASTE UTILIZANDO PERFURATRIZ MANUAL SOBRE BASE DE MONTAGEM. AF_11/2023 | F58: M | G58: =MEMORIAL_QUANT.!K125 -> 16520.5 | H58: 61.32 | I58: 0.2824 | J58: =ROUND(H58*(1+I58),2) -> 78.64 | K58: - | L58: 1 | M58: =ROUND(J58*G58*L58,2) -> 1299172.1
B59: 04.05 | C59: SINAPI-ES | D59: 91093 | E59: EXECUÇÃO DE REVESTIMENTO DE CONCRETO PROJETADO COM ESPESSURA DE 10 CM, ARMADO COM TELA, INCLINAÇÃO DE 90°, APLICAÇÃO DESCONTÍNUA, UTILIZANDO EQUIPAMENTO DE PROJEÇÃO COM 3 M3/H DE CAPACIDADE. AF_07/2024 | F59: M2 | G59: =MEMORIAL_QUANT.!K126 -> 2462.72 | H59: 359.51 | I59: 0.2824 | J59: =ROUND(H59*(1+I59),2) -> 461.04 | K59: - | L59: 1 | M59: =ROUND(J59*G59*L59,2) -> 1135412.4
B60: 04.06 | C60: SICRO-ES | D60: 5914479 | E60: TRANSPORTE COM CAMINHÃO CARROCERIA DE 15 T - RODOVIA PAVIMENTADA | F60: TKM | G60: =MEMORIAL_QUANT.!K127 -> 2865 | H60: 0.72 | I60: 0.2824 | J60: =ROUND(H60*(1+I60),2) -> 0.92 | K60: Terraplenagem | L60: 1.004 | M60: =ROUND(J60*G60*L60,2) -> 2646.34
K61: TOTAL DO ITEM: | M61: =SUM(M55:M60) -> 2825940.6
B63: 5 | E63: CORTINA ATIRANTADA
B64: 05.01 | C64: SINAPI-ES | D64: 100343 | E64: ARMAÇÃO DE CORTINA DE CONTENÇÃO EM CONCRETO ARMADO, COM AÇO CA-50 DE 8 MM - MONTAGEM. AF_11/2024 | F64: KG | G64: =MEMORIAL_QUANT.!K131 -> 316 | H64: 17.29 | I64: 0.2824 | J64: =ROUND(H64*(1+I64),2) -> 22.17 | K64: - | L64: 1 | M64: =ROUND(J64*G64*L64,2) -> 7005.72
B65: 05.02 | C65: SINAPI-ES | D65: 100344 | E65: ARMAÇÃO DE CORTINA DE CONTENÇÃO EM CONCRETO ARMADO, COM AÇO CA-50 DE 10 MM - MONTAGEM. AF_11/2024 | F65: KG | G65: =MEMORIAL_QUANT.!K133 -> 8621 | H65: 14.31 | I65: 0.2824 | J65: =ROUND(H65*(1+I65),2) -> 18.35 | K65: - | L65: 1 | M65: =ROUND(J65*G65*L65,2) -> 158195.35
B66: 05.03 | C66: SINAPI-ES | D66: 100345 | E66: ARMAÇÃO DE CORTINA DE CONTENÇÃO EM CONCRETO ARMADO, COM AÇO CA-50 DE 12,5 MM - MONTAGEM. AF_11/2024 | F66: KG | G66: =MEMORIAL_QUANT.!K134 -> 4706 | H66: 11.21 | I66: 0.2824 | J66: =ROUND(H66*(1+I66),2) -> 14.38 | K66: - | L66: 1 | M66: =ROUND(J66*G66*L66,2) -> 67672.28
B67: 05.04 | C67: SINAPI-ES | D67: 100346 | E67: ARMAÇÃO DE CORTINA DE CONTENÇÃO EM CONCRETO ARMADO, COM AÇO CA-50 DE 16 MM - MONTAGEM. AF_11/2024 | F67: KG | G67: =MEMORIAL_QUANT.!K135 -> 11570 | H67: 10.74 | I67: 0.2824 | J67: =ROUND(H67*(1+I67),2) -> 13.77 | K67: - | L67: 1 | M67: =ROUND(J67*G67*L67,2) -> 159318.9
B68: 05.05 | C68: SICRO-ES | D68: M0999 | E68: TELA EM AÇO CA 60 SOLDADA NERVURADA | F68: KG | G68: =MEMORIAL_QUANT.!K136 -> 10661 | H68: 9.81 | I68: 0.2824 | J68: 12.59 | K68: Obras Complementares | L68: 1.008 | M68: =ROUND(J68*G68*L68,2) -> 135295.77
B69: 05.06 | C69: SINAPI-ES | D69: 100341 | E69: FABRICAÇÃO, MONTAGEM E DESMONTAGEM DE FÔRMA PARA CORTINA DE CONTENÇÃO, EM CHAPA DE MADEIRA COMPENSADA PLASTIFICADA, E = 18 MM, 10 UTILIZAÇÕES. AF_11/2024 | F69: M2 | G69: =MEMORIAL_QUANT.!K137 -> 1164 | H69: 46.96 | I69: 0.2824 | J69: =ROUND(H69*(1+I69),2) -> 60.22 | K69: - | L69: 1 | M69: =ROUND(J69*G69*L69,2) -> 70096.08
B70: 05.07 | C70: SINAPI-ES | D70: 100349 | E70: CONCRETAGEM DE CORTINA DE CONTENÇÃO, ATRAVÉS DE BOMBA - LANÇAMENTO, ADENSAMENTO E ACABAMENTO. AF_11/2024 | F70: M3 | G70: =MEMORIAL_QUANT.!K138 -> 205.6 | H70: 772.21 | I70: 0.2824 | J70: =ROUND(H70*(1+I70),2) -> 990.28 | K70: - | L70: 1 | M70: =ROUND(J70*G70*L70,2) -> 203601.57
B71: 05.08 | C71: SINAPI-ES | D71: 104849 | E71: EXECUÇÃO DE PERFURAÇÃO PARA TIRANTE, COMPRIMENTO MAIOR OU IGUAL A 14 M E MENOR QUE 22 M, COM DIÂMETRO DE FURO DE 100 MM EXECUTADO COM HASTE UTILIZANDO PERFURATRIZ MANUAL SOBRE BASE DE MONTAGEM. AF_11/2023 | F71: M | G71: =MEMORIAL_QUANT.!K139 -> 1144 | H71: 61.32 | I71: 0.2824 | J71: =ROUND(H71*(1+I71),2) -> 78.64 | K71: - | L71: 1 | M71: =ROUND(J71*G71*L71,2) -> 89964.16
B72: 05.09 | C72: SINAPI-ES | D72: 102726 | E72: DRENO BARBACÃ, DN 50 MM, COM MATERIAL DRENANTE. AF_07/2021 | F72: UN | G72: =MEMORIAL_QUANT.!K140 -> 58 | H72: 33.04 | I72: 0.2824 | J72: =ROUND(H72*(1+I72),2) -> 42.37 | K72: - | L72: 1 | M72: =ROUND(J72*G72*L72,2) -> 2457.46
B73: 05.10 | C73: SINAPI-ES | D73: 93358 | E73: ESCAVAÇÃO MANUAL DE VALA. AF_09/2024 | F73: M3 | G73: =MEMORIAL_QUANT.!K141 -> 8.71 | H73: 105.81 | I73: 0.2824 | J73: =ROUND(H73*(1+I73),2) -> 135.69 | K73: - | L73: 1 | M73: =ROUND(J73*G73*L73,2) -> 1181.86
B74: 05.12 | C74: SINAPI-ES | D74: 106004 | E74: EXECUÇÃO DE CANALETA DE CONCRETO ARMADO MOLDADA IN LOCO, ESPESSURA DE 0,1 M, GEOMETRIA QUADRADA, COM DIMENSÕES INTERNAS: L=0,20 M; H=0,20 M. AF_05/2025 | F74: M | G74: =MEMORIAL_QUANT.!K143 -> 116.7 | H74: 194.75 | I74: 0.2824 | J74: =ROUND(H74*(1+I74),2) -> 249.75 | K74: - | L74: 1 | M74: =ROUND(J74*G74*L74,2) -> 29145.83
B75: 05.13 | C75: SICRO-ES | D75: 5605882 | E75: TIRANTE PERMANENTE PROTENDIDO DE AÇO D = 32 MM, TENSÃO DE ESCOAMENTO = 950 MPA E TENSÃO DE RUPTURA = 1.050 MPA - EXCETO PERFURAÇÃO | F75: M | G75: =MEMORIAL_QUANT.!K144 -> 1300 | H75: 377.12 | I75: 0.2824 | J75: =ROUND(H75*(1+I75),2) -> 483.62 | K75: Obras Complementares | L75: 1.008 | M75: =ROUND(J75*G75*L75,2) -> 633735.65
B76: 05.14 | C76: SICRO-ES | D76: 5605945 | E76: PROTENSÃO DE TIRANTE PERMANENTE PROTENDIDO DE AÇO D = 32 MM, TENSÃO DE ESCOAMENTO = 950 MPA E TENSÃO DE RUPTURA = 1.050 MPA - INCLUSIVE ANCORAGEM E GRAUTEAMENTO DA CABEÇA | F76: UN | G76: =MEMORIAL_QUANT.!K146 -> 52 | H76: 552.52 | I76: 0.2824 | J76: =ROUND(H76*(1+I76),2) -> 708.55 | K76: Obras Complementares | L76: 1.008 | M76: =ROUND(J76*G76*L76,2) -> 37139.36
B77: 05.15 | C77: SICRO-ES | D77: M0107 | E77: GEOCOMPOSTO PARA DRENAGEM | F77: M2 | G77: =MEMORIAL_QUANT.!K147 -> 583.5 | H77: 43.26 | I77: 0.2824 | J77: =ROUND(H77*(1+I77),2) -> 55.48 | K77: Obras Complementares | L77: 1.008 | M77: =ROUND(J77*G77*L77,2) -> 32631.56
B78: 05.16 | C78: SINAPI-ES | D78: 96619 | E78: LASTRO DE CONCRETO MAGRO, APLICADO EM BLOCOS DE COROAMENTO OU SAPATAS, ESPESSURA DE 5 CM. AF_01/2024 | F78: M2 | G78: =MEMORIAL_QUANT.!K148 -> 685.4 | H78: 42.06 | I78: 0.2824 | J78: =ROUND(H78*(1+I78),2) -> 53.94 | K78: - | L78: 1 | M78: =ROUND(J78*G78*L78,2) -> 36970.48
B79: 05.17 | C79: SICRO-ES | D79: 5914479 | E79: TRANSPORTE COM CAMINHÃO CARROCERIA DE 15 T - RODOVIA PAVIMENTADA | F79: TKM | G79: =MEMORIAL_QUANT.!K149 -> 3588.13 | H79: 0.72 | I79: 0.2824 | J79: =ROUND(H79*(1+I79),2) -> 0.92 | K79: Terraplenagem | L79: 1.004 | M79: =ROUND(J79*G79*L79,2) -> 3314.28
K80: TOTAL DO ITEM: | M80: =SUM(M64:M79) -> 1667726.3
B82: 6 | E82: SISTEMA DE DRENAGEM
B83: 06.01 | C83: SICRO-ES | D83: 2003830 | E83: TUBO DE CONCRETO PA1 COMERCIAL PARA DRENAGEM - D = 1,00 M - FORNECIMENTO E INSTALAÇÃO | F83: M | G83: =MEMORIAL_QUANT.!K155 -> 28.5 | H83: 655.94 | I83: 0.2824 | J83: =ROUND(H83*(1+I83),2) -> 841.18 | K83: Drenagem | L83: 1.009 | M83: =ROUND(J83*G83*L83,2) -> 24189.39
B84: 06.02 | C84: SICRO-ES | D84: 2003822 | E84: TUBO DE CONCRETO PA1 COMERCIAL PARA DRENAGEM - D = 0,60 M - FORNECIMENTO E INSTALAÇÃO | F84: M | G84: =MEMORIAL_QUANT.!K158 -> 3.47 | H84: 302.11 | I84: 0.2824 | J84: =ROUND(H84*(1+I84),2) -> 387.43 | K84: Drenagem | L84: 1.009 | M84: =ROUND(J84*G84*L84,2) -> 1356.48
B85: 06.03 | C85: SICRO-ES | D85: 2003411 | E85: DESCIDA D'ÁGUA DE ATERROS EM DEGRAUS - DAD 110-26 - AREIA E BRITA COMERCIAIS | F85: M | G85: =MEMORIAL_QUANT.!K160 -> 53.37 | H85: 795.71 | I85: 0.2824 | J85: =ROUND(H85*(1+I85),2) -> 1020.42 | K85: Drenagem | L85: 1.009 | M85: =ROUND(J85*G85*L85,2) -> 54949.95
B86: 06.04 | C86: SICRO-ES | D86: 2003415 | E86: DESCIDA D'ÁGUA DE ATERROS EM DEGRAUS - DAD 125-30 - AREIA E BRITA COMERCIAIS | F86: M | G86: =MEMORIAL_QUANT.!K162 -> 375.92 | H86: 874.56 | I86: 0.2824 | J86: =ROUND(H86*(1+I86),2) -> 1121.54 | K86: Drenagem | L86: 1.009 | M86: =ROUND(J86*G86*L86,2) -> 425403.8
B87: 06.05 | C87: SICRO-ES | D87: 2003419 | E87: DESCIDA D'ÁGUA DE ATERROS EM DEGRAUS - DAD 170-35 - AREIA E BRITA COMERCIAIS | F87: M | G87: =MEMORIAL_QUANT.!K164 -> 136.42 | H87: 1059.1 | I87: 0.2824 | J87: =ROUND(H87*(1+I87),2) -> 1358.19 | K87: Drenagem | L87: 1.009 | M87: =ROUND(J87*G87*L87,2) -> 186951.84
B88: 06.06 | C88: SICRO-ES | D88: 6817881 | E88: CORPO DE BSCC - SEÇÃO FECHADA DE 3,0 X 3,0 M - PRÉ-MOLDADO - ALTURA DO ATERRO DE 10,00 A 12,50 M - AREIA E BRITA COMERCIAIS | F88: M | G88: =MEMORIAL_QUANT.!K166 -> 16 | H88: 6729.03 | I88: 0.2824 | J88: =ROUND(H88*(1+I88),2) -> 8629.31 | K88: Drenagem | L88: 1.009 | M88: =ROUND(J88*G88*L88,2) -> 139311.58
B89: 06.07 | C89: SINAPI-ES | D89: 102991 | E89: CANALETA MEIA CANA PRÉ-MOLDADA DE CONCRETO (D = 40 CM) - FORNECIMENTO E INSTALAÇÃO. AF_05/2025 | F89: M | G89: =MEMORIAL_QUANT.!K168 -> 111.8 | H89: 80.12 | I89: 0.2824 | J89: =ROUND(H89*(1+I89),2) -> 102.75 | K89: - | L89: 1 | M89: =ROUND(J89*G89*L89,2) -> 11487.45
B90: 06.08 | C90: SINAPI-ES | D90: 102993 | E90: CANALETA MEIA CANA PRÉ-MOLDADA DE CONCRETO (D = 60 CM) - FORNECIMENTO E INSTALAÇÃO. AF_05/2025 | F90: M | G90: =MEMORIAL_QUANT.!K169 -> 99.42 | H90: 154.78 | I90: 0.2824 | J90: =ROUND(H90*(1+I90),2) -> 198.49 | K90: - | L90: 1 | M90: =ROUND(J90*G90*L90,2) -> 19733.88
B91: 06.09 | C91: SINAPI-ES | D91: 102994 | E91: CANALETA MEIA CANA PRÉ-MOLDADA DE CONCRETO (D = 80 CM) - FORNECIMENTO E INSTALAÇÃO. AF_05/2025 | F91: M | G91: =MEMORIAL_QUANT.!K170 -> 1298.87 | H91: 289.12 | I91: 0.2824 | J91: =ROUND(H91*(1+I91),2) -> 370.77 | K91: - | L91: 1 | M91: =ROUND(J91*G91*L91,2) -> 481582.03
B92: 06.10 | C92: SICRO-ES | D92: 2003652 | E92: CAIXA DE LIGAÇÃO E PASSAGEM - CLP 06 - AREIA E BRITA COMERCIAIS | F92: UN | G92: =MEMORIAL_QUANT.!K171 -> 14 | H92: 4453.57 | I92: 0.2824 | J92: =ROUND(H92*(1+I92),2) -> 5711.26 | K92: Drenagem | L92: 1.009 | M92: =ROUND(J92*G92*L92,2) -> 80677.26
B93: 06.11 | C93: SICRO-ES | D93: 2003369 | E93: MEIO-FIO DE CONCRETO - MFC 01 - AREIA E BRITA COMERCIAIS - FÔRMA DE MADEIRA | F93: M | G93: =MEMORIAL_QUANT.!K172 -> 325.71 | H93: 111.43 | I93: 0.2824 | J93: =ROUND(H93*(1+I93),2) -> 142.9 | K93: Drenagem | L93: 1.009 | M93: =ROUND(J93*G93*L93,2) -> 46962.85
B94: 06.12 | C94: SICRO-ES | D94: 1505879 | E94: ENROCAMENTO DE PEDRA ARRUMADA MANUALMENTE - PEDRA DE MÃO COMERCIAL - FORNECIMENTO E ASSENTAMENTO | F94: M3 | G94: =MEMORIAL_QUANT.!K174 -> 1093.3 | H94: 292.1 | I94: 0.2824 | J94: =ROUND(H94*(1+I94),2) -> 374.59 | K94: Drenagem | L94: 1.009 | M94: =ROUND(J94*G94*L94,2) -> 413225.1
B95: 06.13 | C95: SICRO-ES | D95: 3205876 | E95: GABIÃO COLCHÃO ESPESSURA 0,30 M - ZN/AL + PVC - D = 2,0 MM - PEDRA DE MÃO COMERCIAL - FORNECIMENTO E ASSENTAMENTO | F95: M2 | G95: =MEMORIAL_QUANT.!K178 -> 7344.92 | H95: 290.6 | I95: 0.2824 | J95: =ROUND(H95*(1+I95),2) -> 372.67 | K95: Drenagem | L95: 1.009 | M95: =ROUND(J95*G95*L95,2) -> 2761866.4
B96: 06.14 | C96: SICRO-ES | D96: M0107 | E96: GEOCOMPOSTO PARA DRENAGEM | F96: M2 | G96: =MEMORIAL_QUANT.!K183 -> 8344.92 | H96: 43.26 | I96: 0.2824 | J96: =ROUND(H96*(1+I96),2) -> 55.48 | K96: Drenagem | L96: 1.009 | M96: =ROUND(J96*G96*L96,2) -> 467142.95
B97: 06.15 | C97: SICRO-ES | D97: 5914374 | E97: TRANSPORTE COM CAMINHÃO BASCULANTE DE 10 M³ - RODOVIA EM REVESTIMENTO PRIMÁRIO | F97: TKM | G97: =MEMORIAL_QUANT.!K187 -> 130552.49 | H97: 1 | I97: 0.2824 | J97: =ROUND(H97*(1+I97),2) -> 1.28 | K97: Drenagem | L97: 1.009 | M97: =ROUND(J97*G97*L97,2) -> 168611.15
B98: 06.16 | C98: SICRO-ES | D98: 5914614 | E98: TRANSPORTE COM CAMINHÃO CARROCERIA COM CAPACIDADE DE 7 T E COM GUINDAUTO COM CAPACIDADE DE ELEVAÇÃO DE 6,2 T - RODOVIA PAVIMENTADA | F98: TKM | G98: =MEMORIAL_QUANT.!K191 -> 520.26 | H98: 1.83 | I98: 0.2824 | J98: =ROUND(H98*(1+I98),2) -> 2.35 | K98: Drenagem | L98: 1.009 | M98: =ROUND(J98*G98*L98,2) -> 1233.61
B99: 06.17 | C99: SICRO-ES | D99: 5914637 | E99: TRANSPORTE COM CAVALO MECÂNICO COM SEMIRREBOQUE COM CAPACIDADE DE 20 T - RODOVIA PAVIMENTADA | F99: TKM | G99: =MEMORIAL_QUANT.!K195 -> 3868.48 | H99: 0.83 | I99: 0.2824 | J99: =ROUND(H99*(1+I99),2) -> 1.06 | K99: Drenagem | L99: 1.009 | M99: =ROUND(J99*G99*L99,2) -> 4137.49
B100: 06.18 | C100: SICRO-ES | D100: 5914479 | E100: TRANSPORTE COM CAMINHÃO CARROCERIA DE 15 T - RODOVIA PAVIMENTADA | F100: TKM | G100: =MEMORIAL_QUANT.!K197 -> 23091.51 | H100: 0.72 | I100: 0.2824 | J100: =ROUND(H100*(1+I100),2) -> 0.92 | K100: Drenagem | L100: 1.009 | M100: =ROUND(J100*G100*L100,2) -> 21435.39
K101: TOTAL DO ITEM: | M101: =SUM(M83:M100) -> 5310258.6
B103: 7 | E103: RECOMPOSIÇÃO VEGETAL
B104: 07.01 | C104: SICRO-ES | D104: 4415673 | E104: REVESTIMENTO VEGETAL COM GRAMA EM MUDAS EM SUPERFÍCIES INCLINADAS | F104: M2 | G104: =MEMORIAL_QUANT.!K203 -> 18927.72 | H104: 8.18 | I104: 0.2824 | J104: =ROUND(H104*(1+I104),2) -> 10.49 | K104: Obras Complementares | L104: 1.008 | M104: =ROUND(J104*G104*L104,2) -> 200140.2
B105: 07.02 | C105: SICRO-ES | D105: 4413989 | E105: PLANTIO DE MUDA DE ÁRVORE COM ALTURA DE 0,30 A 0,80 M EM COVA DE 0,60 X 0,60 X 0,60 M | F105: UN | G105: =MEMORIAL_QUANT.!K204 -> 100 | H105: 41.18 | I105: 0.2824 | J105: =ROUND(H105*(1+I105),2) -> 52.81 | K105: Obras Complementares | L105: 1.008 | M105: =ROUND(J105*G105*L105,2) -> 5323.25
B106: 07.03 | C106: SICRO-ES | D106: 5914479 | E106: TRANSPORTE COM CAMINHÃO CARROCERIA DE 15 T - RODOVIA PAVIMENTADA | F106: TKM | G106: =MEMORIAL_QUANT.!K205 -> 9710.77 | H106: 0.72 | I106: 0.2824 | J106: =ROUND(H106*(1+I106),2) -> 0.92 | K106: Obras Complementares | L106: 1.008 | M106: =ROUND(J106*G106*L106,2) -> 9005.38
K107: TOTAL DO ITEM: | M107: =SUM(M104:M106) -> 214468.83
...

Sheet CRONOGRAMA_FF
B2: CRONOGRAMA FÍSICO-FINANCEIRO
E3: SERPENGE Serviços e Projetos de Engenharia Ltda. Contrato: 2273-CO2 Objeto Contratual: Projeto Executivo de Obras de Mitigação de Riscos da Área 01
B6: NATUREZA: CONTENÇÃO DE ENCOSTA, DRENAGEM E REVITALIZAÇÃO DE INFRAESTUTURA URBANA.
B8: LOCALIZAÇÃO: Bairro Vista da Serra, Colatina - ES | AA8: PRAZO DA OBRA EM MESES: | AB8: 18
B10: ITEM | C10: DISCRIMINAÇÃO | F10: MESES | X10: VALOR DO ITEM (sem BDI) | AA10: % sobre o Total
F11: 1 | G11: 2 | H11: 3 | I11: 4 | J11: 5 | K11: 6 | L11: 7 | M11: 8 | N11: 9 | O11: 10 | P11: 11 | Q11: 12 | R11: 13 | S11: 14 | T11: 15 | U11: 16 | V11: 17 | W11: 18
B12: 1 | C12: LABORATÓRIO, CAMPO E TREINAMENTOS | X12: =ORÇAMENTO_GERAL!M18 -> 520567.39 | AA12: =X12/X20 -> 0.027067484
B13: 2 | C13: MOBILIZAÇÃO E DESMOBILIZAÇÃO | X13: =ORÇAMENTO_GERAL!M36 -> 766154.08 | AA13: =X13/X20 -> 0.039837039
B14: 3 | C14: MOVIMENTAÇÃO DE TERRA | X14: =ORÇAMENTO_GERAL!M52 -> 7820001.6 | AA14: =X14/X20 -> 0.40660974
B15: 4 | C15: SOLO GRAMPEADO | X15: =ORÇAMENTO_GERAL!M61 -> 2825940.6 | AA15: =X15/X20 -> 0.14693795
B16: 5 | C16: CORTINA ATIRANTADA | X16: =ORÇAMENTO_GERAL!M80 -> 1667726.3 | AA16: =X16/X20 -> 0.086715296
B17: 6 | C17: SISTEMA DE DRENAGEM | X17: =ORÇAMENTO_GERAL!M101 -> 5310258.6 | AA17: =X17/X20 -> 0.27611284
B18: 7 | C18: RECOMPOSIÇÃO VEGETAL | X18: =ORÇAMENTO_GERAL!M107 -> 214468.83 | AA18: =X18/X20 -> 0.011151547
B19: 8 | C19: PALIÇADAS | X19: =ORÇAMENTO_GERAL!M112 -> 107087.08 | AA19: =X19/X20 -> 0.0055681126
B20: TOTAL GERAL | X20: =SUM(X12:Z19) -> 19232205 | AA20: =SUM(AA12:AB19) -> 1

Sheet MEMORIAL_QUANT.
B2: MEMORIAL QUANTITATIVO
E3: SERPENGE Serviços e Projetos de Engenharia Ltda. Contrato: 2273-CO2 Objeto Contratual: Projeto Executivo de Obras de Mitigação de Riscos da Área 01
B6: Natureza: | D6: CONTENÇÃO DE ENCOSTA, DRENAGEM E REVITALIZAÇÃO DE INFRAESTUTURA URBANA.
B8: Localização: | D8: Bairro Vista da Serra, Colatina - ES
B10: ITEM | C10: FONTE | D10: CÓDIGO | E10: DESCRIÇÃO | H10: UNIDADE | I10: QUANTIDADE | J10: ÍNDICE | K10: TOTAL
B11: 1 | E11: LABORATÓRIO, CAMPO E TREINAMENTOS
B12: 1.1 | C12: SINAPI-ES | D12: 41089 | E12: TECNICO EM LABORATORIO E CAMPO DE CONSTRUCAO CIVIL (MENSALISTA) | H12: MES | I12: 18 | J12: 1 | K12: =ROUND(I12*J12,2) -> 18
B13: 1.2 | C13: SINAPI-ES | D13: 100299 | E13: CURSO DE CAPACITAÇÃO PARA TÉCNICO EM SEGURANÇA DO TRABALHO (ENCARGOS COMPLEMENTARES) - HORISTA | H13: H | I13: =I15 -> 800 | J13: 1 | K13: =ROUND(I13*J13,2) -> 800
B14: a | D14: a | E14: Seção de integração de segurança | H14: H | I14: 8
B15: b | D15: b | E15: Seção de integração para 100 trabalhadores a*100 | H15: H | I15: 800
B16: 1.3 | C16: SINAPI-ES | D16: 105009 | E16: LOCAÇÃO CONVENCIONAL DE OBRA, UTILIZANDO GABARITO DE TÁBUAS CORRIDAS PONTALETADAS A CADA 1,50M - 2 UTILIZAÇÕES. AF_03/2024 | H16: M | I16: 200 | J16: 1 | K16: =ROUND(I16*J16,2) -> 200
B17: 1.4 | C17: SINAPI-ES | D17: 105007 | E17: LOCAÇÃO DE PRAÇAS EM PONTALETEAMENTO. AF_03/2024 | H17: UND | I17: 1000 | J17: 1 | K17: =ROUND(I17*J17,2) -> 1000
B18: 1.5 | C18: LABORATÓRIO | D18: - | E18: ENSAIO DE CARACTERIZAÇÃO DE SOLO COMPLETA (GRANULOMETRIA / LL / LP) | H18: UND | I18: 11 | J18: 1 | K18: =ROUND(I18*J18,2) -> 11
B19: 1.6 | C19: LABORATÓRIO | D19: - | E19: ENSAIO DE COMPACTAÇÃO DE SOLO | H19: UND | I19: 55 | J19: 1 | K19: =ROUND(I19*J19,2) -> 55
B20: 1.7 | C20: LABORATÓRIO | D20: - | E20: COLETA DE AMOSTRAS DEFORMADAS | H20: UND | I20: 55 | J20: 1 | K20: =ROUND(I20*J20,2) -> 55
B22: 2 | E22: MOBILIZAÇÃO E DESMOBILIZAÇÃO
B23: 2.1 | C23: SINAPI-ES | D23: 98459 | E23: TAPUME COM TELHA METÁLICA. AF_03/2024 | H23: M2 | I23: 700 | J23: 1 | K23: =ROUND(I23*J23,2) -> 700
B24: 2.2 | C24: SINAPI-ES | D24: 34723 | E24: PLACA DE SINALIZACAO EM CHAPA DE ACO NUM 16 COM PINTURA REFLETIVA | H24: M2 | I24: 4 | J24: 1 | K24: =ROUND(I24*J24,2) -> 4
B25: 2.3 | C25: SINAPI-ES | D25: 103689 | E25: FORNECIMENTO E INSTALAÇÃO DE PLACA DE OBRA COM CHAPA GALVANIZADA E ESTRUTURA DE MADEIRA. AF_03/2022_PS | H25: M2 | I25: 10 | J25: 1 | K25: =ROUND(I25*J25,2) -> 10
B26: 2.4 | C26: SINAPI-ES | D26: 13244 | E26: CONE DE SINALIZACAO EM PVC RIGIDO COM FAIXA REFLETIVA, H = 70 / 76 CM | H26: UN | I26: 30 | J26: 1 | K26: =ROUND(I26*J26,2) -> 30
B27: 2.5 | C27: SINAPI-ES | D27: 37524 | E27: TELA PLASTICA LARANJA, TIPO TAPUME PARA SINALIZACAO, MALHA RETANGULAR, ROLO 1.20 X 50 M (L X C) | H27: M | I27: 500 | J27: 1 | K27: =ROUND(I27*J27,2) -> 500
B28: 2.6 | C28: SINAPI-ES | D28: 101505 | E28: ENTRADA DE ENERGIA ELÉTRICA, AÉREA, TRIFÁSICA, COM CAIXA DE SOBREPOR, CABO DE 10 MM2 E DISJUNTOR DIN 50A (NÃO INCLUSO O POSTE DE CONCRETO). AF_07/2020_PS | H28: UND | I28: 2 | J28: 1 | K28: =ROUND(I28*J28,2) -> 2
B29: a | D29: a | E29: Entrada de energia elétrica para o Canteiro de montante | H29: UND | I29: 1
B30: a | D30: a | E30: Entrada de energia elétrica para o Canteiro de jusante | H30: UND | I30: 1
B31: 2.7 | C31: SINAPI-ES | D31: 105113 | E31: ESTRUTURA DE MADEIRA PROVISÓRIA PARA SUPORTE DE CAIXA D'ÁGUA ELEVADA DE 2000 LITROS. AF_03/2024 | H31: UND | I31: 2 | J31: 1 | K31: =ROUND(I31*J31,2) -> 2
B32: 2.8 | C32: SINAPI-ES | D32: 102615 | E32: CAIXA D´ÁGUA EM POLIÉSTER REFORÇADO COM FIBRA DE VIDRO, 2000 LITROS - FORNECIMENTO E INSTALAÇÃO. AF_06/2021 | H32: UND | I32: 3 | J32: 1 | K32: =ROUND(I32*J32,2) -> 3
B33: 2.9 | C33: SINAPI-ES | D33: 10775 | E33: LOCACAO DE CONTAINER 2,30 X 6,00 M, ALT. 2,50 M, COM 1 SANITARIO, PARA ESCRITORIO, COMPLETO, SEM DIVISORIAS INTERNAS (NAO INCLUI MOBILIZACAO/DESMOBILIZACAO) | H33: MES | I33: 18 | J33: 1 | K33: =ROUND(I33*J33,2) -> 18
B34: a | D34: a | E34: Locação de 1 container para escritório | H34: UND | I34: 1
B35: 2.10 | C35: SINAPI-ES | D35: 10776 | E35: LOCACAO DE CONTAINER 2,30 X 6,00 M, ALT. 2,50 M, SEM DIVISORIAS INTERNAS E SEM SANITARIO (NAO INCLUI MOBILIZACAO/DESMOBILIZACAO) | H35: MES | I35: 18 | J35: 20 | K35: =ROUND(I35*J35,2) -> 360
B36: a | D36: a | E36: Locação de 2 container para almoxarifado | H36: UND | I36: 2
B37: b | D37: b | E37: Locação de 10 containers para vestiário | H37: UND | I37: 10
B38: c | D38: c | E38: Locação de 8 containers para refeitório | H38: UND | I38: 8
B39: d | D39: d | E39: Locação total de containers a+b+c = 20 containers | H39: UND | I39: 20
B40: 2.11 | C40: SINAPI-ES | D40: 10778 | E40: LOCACAO DE CONTAINER 2,30 X 6,00 M, ALT. 2,50 M, PARA SANITARIO, COM 4 BACIAS, 8 CHUVEIROS,1 LAVATORIO E 1 MICTORIO (NAO INCLUI MOBILIZACAO/DESMOBILIZACAO) | H40: MES | I40: 18 | J40: 4 | K40: =ROUND(I40*J40,2) -> 72
B41: a | D41: a | E41: Locação de 4 containers para sanitário | H41: UND | I41: 4
B42: 2.12 | C42: SINAPI-ES | D42: 105115 | E42: INSTALAÇÃO E DESINSTALAÇÃO MECANIZADA DE CONTÊINER OU MÓDULO HABITÁVEL DE USOS DIVERSOS. AF_03/2024 | H42: UN | I42: =I48 -> 25 | J42: 1 | K42: =ROUND(I42*J42,2) -> 25
B43: a | D43: a | E43: Locação de 2 container para almoxarifado | H43: UND | I43: 2
B44: b | D44: b | E44: Locação de 10 containers para vestiário | H44: UND | I44: 10
B45: c | D45: c | E45: Locação de 8 containers para refeitório | H45: UND | I45: 8
B46: d | D46: d | E46: Locação de 1 container para escritório | H46: UND | I46: 1
B47: e | D47: e | E47: Locação de 4 containers para sanitário | H47: UND | I47: 4
B48: f | D48: f | E48: Locação total de containers a+b+c +d+e | H48: UND | I48: =SUM(I43:I47) -> 25
B49: 2.13 | C49: SINAPI-ES | D49: 97637 | E49: REMOÇÃO DE TAPUME/ CHAPAS METÁLICAS E DE MADEIRA, DE FORMA MANUAL, SEM REAPROVEITAMENTO. AF_09/2023 | H49: M2 | I49: 700 | J49: 1 | K49: =ROUND(I49*J49,2) -> 700
B50: 2.14 | C50: SINAPI-ES | D50: 95879 | E50: TRANSPORTE COM CAMINHÃO BASCULANTE DE 14 M³, EM VIA URBANA PAVIMENTADA, DMT ATÉ 30 KM (UNIDADE: TXKM). AF_07/2020 | H50: TXKM | I50: =(50*40) -> 2000 | J50: 1 | K50: =ROUND(I50*J50,2) -> 2000
B51: 2.15 | C51: SINAPI-ES | D51: 100999 | E51: CARGA, MANOBRA E DESCARGA DE ENTULHO EM CAMINHÃO BASCULANTE 14 M³ - CARGA COM ESCAVADEIRA HIDRÁULICA (CAÇAMBA DE 0,80 M³ / 111 HP) E DESCARGA LIVRE (UNIDADE: T). AF_07/2020 | H51: T | I51: 50 | J51: 1 | K51: =ROUND(I51*J51,2) -> 50
B53: 3 | E53: MOVIMENTAÇÃO DE TERRA
B54: 3.1 | C54: SINAPI-ES | D54: 98525 | E54: LIMPEZA MECANIZADA DE CAMADA VEGETAL, VEGETAÇÃO E PEQUENAS ÁRVORES (DIÂMETRO DE TRONCO MENOR QUE 0,20 M), COM TRATOR DE ESTEIRAS. AF_03/2024 | H54: M2 | I54: =I57 -> 16652.9 | J54: 1 | K54: =ROUND(I54*J54,2) -> 16652.9
B55: a | D55: a | E55: Limpeza para instalação dos canteiros | H55: M2 | I55: 6270.2
B56: b | D56: b | E56: Limpeza para abertura de acessos | H56: M2 | I56: 10382.7
B57: c | D57: c | E57: Limpeza total a+b | H57: M2 | I57: =SUM(I55:I56) -> 16652.9
B58: 3.2 | C58: SINAPI-ES | D58: 98524 | E58: LIMPEZA MANUAL DE VEGETAÇÃO EM TERRENO COM ENXADA. AF_03/2024 | H58: M2 | I58: 4571.602 | J58: 1 | K58: =ROUND(I58*J58,2) -> 4571.6
B59: a | D59: a | E59: Limpeza de vegetação para execução de canaletas de drenagem | H59: M2 | I59: =1510.093*2 -> 3020.186
B60: b | D60: b | E60: Limpeza de vegetação para execução de caixa de passagem | H60: M2 | I60: =105*4 -> 420
B61: c | D61: c | E61: Limpeza de vegetação para execução de escada d'água | H61: M2 | I61: =2*565.708 -> 1131.416
B62: d | D62: d | E62: Total limpeza manual de vegetação a * b * c | H62: M2 | I62: =SUM(I59:I61) -> 4571.602
B63: 3.3 | C63: SINAPI-ES | D63: 104947 | E63: DRAGAGEM DE MATERIAIS DE 1A CATEGORIA E COMPOSTOS ORGÂNICOS E INORGÂNICOS COM RETROESCAVADEIRA (CAÇAMBA: 0,26 M3/88 HP). AF_03/2024 | H63: M3 | I63: =I64 -> 200 | J63: 1 | K63: =ROUND(I63*J63,2) -> 200
B64: a | D64: a | E64: Limpeza de lixo e entulho | H64: M3 | I64: 200
B65: 3.4 | C65: SINAPI-ES | D65: 101234 | E65: ESCAVAÇÃO VERTICAL PARA INFRAESTRUTURA, COM CARGA, DESCARGA E TRANSPORTE DE SOLO DE 1ª CATEGORIA, COM ESCAVADEIRA HIDRÁULICA (CAÇAMBA: 0,8 M³ / 111HP), FROTA DE 5 CAMINHÕES BASCULANTES DE 14 M³, DMT DE 1,5 KM E VELOCIDADE MÉDIA18 KM/H. AF_05/2020 | H65: M3 | I65: =I70 -> 36624.05 | J65: 1.4 | K65: =ROUND(I65*J65,2) -> 51273.67
B66: a | D66: a | E66: Escavação dos taludes de corte (material para aterro compactado) | H66: M3 | I66: 15285.6
B67: b | D67: b | E67: Escavação dos depósitos de escorregamento (material para aterro compactado e canal) | H67: M3 | I67: 13169.6
B68: c | D68: c | E68: Escavação para acerto de geometria dos canais de drenagem (material para reaterro) | H68: M3 | I68: 8157.58
B69: d | D69: d | E69: Escavação da bacia de detenção (material para reaterro) | H69: M3 | I69: 11.27
B70: e | D70: e | E70: Escavação total (material para aterro) a + b + c | H70: M3 | I70: =SUM(I66:I69) -> 36624.05
B71: 3.5 | C71: SINAPI-ES | D71: 101238 | E71: ESCAVAÇÃO VERTICAL PARA INFRAESTRUTURA, COM CARGA, DESCARGA E TRANSPORTE DE SOLO DE 1ª CATEGORIA, COM ESCAVADEIRA HIDRÁULICA (CAÇAMBA: 0,8 M³ / 111HP), FROTA DE 8 CAMINHÕES BASCULANTES DE 14 M³, DMT DE 6 KM E VELOCIDADE MÉDIA 22 KM/H. AF_05/2020 | H71: M3 | I71: =I78 -> 57091.91 | J71: 1.4 | K71: =ROUND(I71*J71,2) -> 79928.67
B72: a | D72: a | E72: Escavação dos taludes de corte (material para bota fora) | H72: M3 | I72: 10214.38
B73: b | D73: b | E73: Escavação dos depósitos de sopé (material para bota fora) | H73: M3 | I73: 16800
B74: c | D74: c | E74: Escavação dos depósitos de escorregamento (material para bota fora) | H74: M3 | I74: 15285.68
B75: d | D75: d | E75: Escavação para acerto de geometria dos canais de drenagem (material para bota fora) | H75: M3 | I75: 5568.13
B76: e | D76: e | E76: Escavação da bacia de detenção (material para bota fora) | H76: M3 | I76: 5523.72
B77: f | D77: f | E77: Escavação para regularização dos taludes das erosões (material para bota fora) | H77: M3 | I77: 3700
B78: g | D78: g | E78: Escavação total (material para bota fora) a + b + c + d + e + f | H78: M3 | I78: =SUM(I72:I77) -> 57091.91
B79: 3.6 | C79: SINAPI-ES | D79: 105558 | E79: EXECUÇÃO E COMPACTAÇÃO DE CAMADA FINAL DE ATERRO (100% DE ENERGIA DO PROCTOR NORMAL) COM SOLO PREDOMINANTEMENTE ARGILOSO, EM CAMADAS COM ESPESSURA DE 15 CM - EXCLUSIVE ESCAVAÇÃO, CARGA E TRANSPORTE E SOLO. AF_09/2024 | H79: M3 | I79: =I84 -> 31577.52 | J79: 1 | K79: =ROUND(I79*J79,2) -> 31577.52
B80: a | D80: a | E80: Execução de talude de aterro compactado | H80: M3 | I80: 27076.8
B81: b | D81: b | E81: Execução de reaterro dos canais | H81: M3 | I81: 2589.45
B82: c | D82: c | E82: Execução de reaterro da bacia de detenção | H82: M3 | I82: 11.27
B83: d | D83: d | E83: Execução de aterro compactado em erosão | H83: M3 | I83: 1900
B84: e | D84: e | E84: Execução total a + b + c + d | H84: M3 | I84: =SUM(I80:I83) -> 31577.52
B85: 3.7 | C85: SINAPI-ES | D85: 93358 | E85: ESCAVAÇÃO MANUAL DE VALA. AF_09/2024 | H85: M3 | I85: =I90 -> 12201.12 | J85: 1 | K85: =ROUND(I85*J85,2) -> 12201.12
B86: a | D86: a | E86: Escavação de vala para execução de canaleta de drenagem | H86: M3 | I86: 4187.5
B87: b | D87: b | E87: Escavação de vala para execução de caixa de passagem | H87: M3 | I87: 47.25
B88: c | D88: c | E88: Escavação de vala para execução de escada d'água | H88: M3 | I88: 1966.37
B89: d | D89: d | E89: Escavação para regularização dos taludes | H89: M3 | I89: 6000
B90: e | D90: e | E90: Execução total a + b + c + d | H90: M3 | I90: =SUM(I86:I89) -> 12201.12
B91: 3.8 | C91: SICRO-ES | D91: 4815671 | E91: REATERRO E COMPACTAÇÃO COM SOQUETE VIBRÁTÓRIO | H91: M3 | I91: =I94 -> 2797.86 | J91: 1.4 | K91: =ROUND(I91*J91,2) -> 3917
B92: a | D92: a | E92: Reaterro para execução de canaletas | H92: M3 | I92: 2164.18
B93: b | D93: b | E93: Reaterro para execução de escadas d'água | H93: M3 | I93: 633.68
B94: c | D94: c | E94: Reaterro total a + b | H94: M3 | I94: =SUM(I92:I93) -> 2797.86
B95: 3.9 | C95: SINAPI-ES | D95: 93592 | E95: TRANSPORTE COM CAMINHÃO BASCULANTE DE 14 M³, EM VIA URBANA EM REVESTIMENTO PRIMÁRIO (UNIDADE: M3XKM). AF_07/2020 | H95: M3XKM | I95: =I100 -> 20419.56 | J95: 1.4 | K95: =ROUND(I95*J95,2) -> 28587.38
B96: a | D96: a | E96: Transporte de material escavado para execução de canaleta de drenagem | H96: M3 | I96: 2023.32
B97: b | D97: b | E97: Transporte de material escavado para execução de caixas de passagem | H97: M3 | I97: 47.25
B98: c | D98: c | E98: Transporte de material escavado para execução de escadas d'água | H98: M3 | I98: 1332.69
B99: d | D99: d | E99: Distância média de transporte do material escavado | H99: KM | I99: 6
B100: e | D100: e | E100: Total transporte (a + b + c) * d | H100: M3XKM | I100: =SUM(I96:I98)*I99 -> 20419.56
B101: 3.10 | C101: SINAPI-ES | D101: 100205 | E101: TRANSPORTE HORIZONTAL COM JERICA DE 60 L, DE MASSA/ GRANEL (UNIDADE: M3XKM). AF_07/2019 | H101: M3XKM | I101: =I105 -> 340.326 | J101: 1.4 | K101: =ROUND(I101*J101,2) -> 476.46
B102: a | D102: a | E102: Transporte de material escavado para execução de canaleta de drenagem (2023,32m³ * 0,2 km) | H102: M3XKM | I102: =0.1*2023.32 -> 202.332
B103: b | D103: b | E103: Transporte de material escavado para execução de caixas de passagem (47,25m³ *0,1 km) | H103: M3XKM | I103: =0.1*47.25 -> 4.725
B104: c | D104: c | E104: Transporte de material escavado para execução de escadas d'água (1332,69 m³ * 0,1 km) | H104: M3XKM | I104: =0.1*1332.69 -> 133.269
B105: d | D105: d | E105: Distância média de transporte do material escavado | H105: M3XKM | I105: =SUM(I102:I104) -> 340.326
B106: 3.11 | C106: SINAPI-ES | D106: 100979 | E106: CARGA, MANOBRA E DESCARGA DE SOLOS E MATERIAIS GRANULARES EM CAMINHÃO BASCULANTE 14 M³ - CARGA COM ESCAVADEIRA HIDRÁULICA (CAÇAMBA DE 1,20 M³ / 155 HP) E DESCARGA LIVRE (UNIDADE: M3). AF_07/2020 | H106: M3 | I106: =I111 -> 3503.26 | J106: 1.4 | K106: =ROUND(I106*J106,2) -> 4904.56
B107: a | D107: a | E107: Carga e descarga de material escavado para execução de canaleta de drenagem | H107: M3 | I107: 2023.32
...

Sheet CURVA ABC
B2: CURVA ABC | K2: TAB. REF.: SINAPI, SICRO
B3: PREFEITURA MUNICIPAL DE COLATINA/ES
B4: OBRA: CONTENÇÃO DE ENCOSTA, DRENAGEM E REVITALIZAÇÃO DE INFRAESTUTURA URBANA.
B5: EXTENSÃO: XXXXXXXXXXX m2 | K5: DATA-BASE: SETEMBRO/2025
B6: LOCAL: BAIRRO VISTA DA SERRA, MUNICÍPIO DE COLATINA/ES
B7: ORÇAMENTISTA: xxxxxxxxxxxxxxxxxxxxxxxxxxxxxxxxx
B8: ITEM | C8: ÓRGÃO | D8: CÓDIGO | E8: DESCRIÇÃO DO SERVIÇO | F8: UNIDADE | G8: QUANTIDADE | H8: CUSTO UNITÁRIO (R$) | I8: BDI | J8: PREÇO UNITÁRIO (R$) C/ BDI | K8: REAJUSTE | M8: CUSTO TOTAL (R$) | N8: PESO | O8: PESO ACUM. | P8: ITEM NÚMERO | Q8: CLASSIFICAÇÃO
K9: ÍNDICE | L9: VALOR
B10: 03.05 | C10: SINAPI-ES | D10: 101238 | E10: ESCAVAÇÃO VERTICAL PARA INFRAESTRUTURA, COM CARGA, DESCARGA E TRANSPORTE DE SOLO DE 1ª CATEGORIA, COM ESCAVADEIRA HIDRÁULICA (CAÇAMBA: 0,8 M³ / 111HP), FROTA DE 8 CAMINHÕES BASCULANTES DE 14 M³, DMT DE 6 KM E VELOCIDADE MÉDIA 22 KM/H. AF_05/2020 | F10: M3 | G10: =MEMORIAL_QUANT.!K71 -> 79928.67 | H10: 29.03 | I10: 0.2824 | J10: =ROUND(H10*(1+I10),2) -> 37.23 | K10: - | L10: 1 | M10: =ROUND(J10*G10*L10,2) -> 2975744.4 | N10: =M10/$M$96 -> 0.15673091 | O10: =N10 -> 0.15673091 | P10: 1 | Q10: A
B11: 06.13 | C11: SICRO-ES | D11: 3205876 | E11: GABIÃO COLCHÃO ESPESSURA 0,30 M - ZN/AL + PVC - D = 2,0 MM - PEDRA DE MÃO COMERCIAL - FORNECIMENTO E ASSENTAMENTO | F11: M2 | G11: =MEMORIAL_QUANT.!K178 -> 7344.92 | H11: 290.6 | I11: 0.2824 | J11: =ROUND(H11*(1+I11),2) -> 372.67 | K11: Drenagem | L11: 1.009 | M11: =ROUND(J11*G11*L11,2) -> 2761866.4 | N11: =M11/$M$96 -> 0.14546607 | O11: =N11+O10 -> 0.30219698 | P11: 2 | Q11: A
B12: 03.07 | C12: SINAPI-ES | D12: 93358 | E12: ESCAVAÇÃO MANUAL DE VALA. AF_09/2024 | F12: M3 | G12: =MEMORIAL_QUANT.!K85 -> 12201.12 | H12: 105.81 | I12: 0.2824 | J12: =ROUND(H12*(1+I12),2) -> 135.69 | K12: - | L12: 1 | M12: =ROUND(J12*G12*L12,2) -> 1655570 | N12: =M12/$M$96 -> 0.087198012 | O12: =N12+O11 -> 0.389395 | P12: 3 | Q12: A
B13: 04.04 | C13: SINAPI-ES | D13: 104849 | E13: EXECUÇÃO DE PERFURAÇÃO PARA TIRANTE, COMPRIMENTO MAIOR OU IGUAL A 14 M E MENOR QUE 22 M, COM DIÂMETRO DE FURO DE 100 MM EXECUTADO COM HASTE UTILIZANDO PERFURATRIZ MANUAL SOBRE BASE DE MONTAGEM. AF_11/2023 | F13: M | G13: =MEMORIAL_QUANT.!K125 -> 16520.5 | H13: 61.32 | I13: 0.2824 | J13: =ROUND(H13*(1+I13),2) -> 78.64 | K13: - | L13: 1 | M13: =ROUND(J13*G13*L13,2) -> 1299172.1 | N13: =M13/$M$96 -> 0.068426722 | O13: =N13+O12 -> 0.45782172 | P13: 4 | Q13: A
B14: 03.04 | C14: SINAPI-ES | D14: 101234 | E14: ESCAVAÇÃO VERTICAL PARA INFRAESTRUTURA, COM CARGA, DESCARGA E TRANSPORTE DE SOLO DE 1ª CATEGORIA, COM ESCAVADEIRA HIDRÁULICA (CAÇAMBA: 0,8 M³ / 111HP), FROTA DE 5 CAMINHÕES BASCULANTES DE 14 M³, DMT DE 1,5 KM E VELOCIDADE MÉDIA18 KM/H. AF_05/2020 | F14: M3 | G14: =MEMORIAL_QUANT.!K65 -> 51273.67 | H14: 17.64 | I14: 0.2824 | J14: =ROUND(H14*(1+I14),2) -> 22.62 | K14: - | L14: 1 | M14: =ROUND(J14*G14*L14,2) -> 1159810.4 | N14: =M14/$M$96 -> 0.061086613 | O14: =N14+O13 -> 0.51890833 | P14: 5 | Q14: A
B15: 04.05 | C15: SINAPI-ES | D15: 91093 | E15: EXECUÇÃO DE REVESTIMENTO DE CONCRETO PROJETADO COM ESPESSURA DE 10 CM, ARMADO COM TELA, INCLINAÇÃO DE 90°, APLICAÇÃO DESCONTÍNUA, UTILIZANDO EQUIPAMENTO DE PROJEÇÃO COM 3 M3/H DE CAPACIDADE. AF_07/2024 | F15: M2 | G15: =MEMORIAL_QUANT.!K126 -> 2462.72 | H15: 359.51 | I15: 0.2824 | J15: =ROUND(H15*(1+I15),2) -> 461.04 | K15: - | L15: 1 | M15: =ROUND(J15*G15*L15,2) -> 1135412.4 | N15: =M15/$M$96 -> 0.059801584 | O15: =N15+O14 -> 0.57870991 | P15: 6 | Q15: A
B16: 03.10 | C16: SINAPI-ES | D16: 100205 | E16: TRANSPORTE HORIZONTAL COM JERICA DE 60 L, DE MASSA/ GRANEL (UNIDADE: M3XKM). AF_07/2019 | F16: M3XKM | G16: =MEMORIAL_QUANT.!K101 -> 476.46 | H16: 1827.19 | I16: 0.2824 | J16: =ROUND(H16*(1+I16),2) -> 2343.19 | K16: - | L16: 1 | M16: =ROUND(J16*G16*L16,2) -> 1116436.3 | N16: =M16/$M$96 -> 0.058802121 | O16: =N16+O15 -> 0.63751204 | P16: 7 | Q16: A
B17: 05.13 | C17: SICRO-ES | D17: 5605882 | E17: TIRANTE PERMANENTE PROTENDIDO DE AÇO D = 32 MM, TENSÃO DE ESCOAMENTO = 950 MPA E TENSÃO DE RUPTURA = 1.050 MPA - EXCETO PERFURAÇÃO | F17: M | G17: =MEMORIAL_QUANT.!K144 -> 1300 | H17: 377.12 | I17: 0.2824 | J17: =ROUND(H17*(1+I17),2) -> 483.62 | K17: Obras Complementares | L17: 1.008 | M17: =ROUND(J17*G17*L17,2) -> 633735.65 | N17: =M17/$M$96 -> 0.033378528 | O17: =N17+O16 -> 0.67089056 | P17: 8 | Q17: A
B18: 03.06 | C18: SINAPI-ES | D18: 105558 | E18: EXECUÇÃO E COMPACTAÇÃO DE CAMADA FINAL DE ATERRO (100% DE ENERGIA DO PROCTOR NORMAL) COM SOLO PREDOMINANTEMENTE ARGILOSO, EM CAMADAS COM ESPESSURA DE 15 CM - EXCLUSIVE ESCAVAÇÃO, CARGA E TRANSPORTE E SOLO. AF_09/2024 | F18: M3 | G18: =MEMORIAL_QUANT.!K79 -> 31577.52 | H18: 14.97 | I18: 0.2824 | J18: =ROUND(H18*(1+I18),2) -> 19.2 | K18: - | L18: 1 | M18: =ROUND(J18*G18*L18,2) -> 606288.38 | N18: =M18/$M$96 -> 0.031932894 | O18: =N18+O17 -> 0.70282346 | P18: 9 | Q18: A
B19: 06.09 | C19: SINAPI-ES | D19: 102994 | E19: CANALETA MEIA CANA PRÉ-MOLDADA DE CONCRETO (D = 80 CM) - FORNECIMENTO E INSTALAÇÃO. AF_05/2025 | F19: M | G19: =MEMORIAL_QUANT.!K170 -> 1298.87 | H19: 289.12 | I19: 0.2824 | J19: =ROUND(H19*(1+I19),2) -> 370.77 | K19: - | L19: 1 | M19: =ROUND(J19*G19*L19,2) -> 481582.03 | N19: =M19/$M$96 -> 0.025364676 | O19: =N19+O18 -> 0.72818813 | P19: 10 | Q19: A
B20: 06.14 | C20: SICRO-ES | D20: M0107 | E20: GEOCOMPOSTO PARA DRENAGEM | F20: M2 | G20: =MEMORIAL_QUANT.!K183 -> 8344.92 | H20: 43.26 | I20: 0.2824 | J20: =ROUND(H20*(1+I20),2) -> 55.48 | K20: Drenagem | L20: 1.009 | M20: =ROUND(J20*G20*L20,2) -> 467142.95 | N20: =M20/$M$96 -> 0.024604177 | O20: =N20+O19 -> 0.75279231 | P20: 11 | Q20: A
B21: 02.10 | C21: SINAPI-ES | D21: 10776 | E21: LOCACAO DE CONTAINER 2,30 X 6,00 M, ALT. 2,50 M, PARA ESCRITORIO, SEM DIVISORIAS INTERNAS E SEM SANITARIO (NAO INCLUI MOBILIZACAO/DESMOBILIZACAO) | F21: MES | G21: =MEMORIAL_QUANT.!K35 -> 360 | H21: 976.56 | I21: 0.2824 | J21: =ROUND(H21*(1+I21),2) -> 1252.34 | K21: - | L21: 1 | M21: =ROUND(J21*G21*L21,2) -> 450842.4 | N21: =M21/$M$96 -> 0.023745635 | O21: =N21+O20 -> 0.77653795 | P21: 12 | Q21: A
B22: 06.04 | C22: SICRO-ES | D22: 2003415 | E22: DESCIDA D'ÁGUA DE ATERROS EM DEGRAUS - DAD 125-30 - AREIA E BRITA COMERCIAIS | F22: M | G22: =MEMORIAL_QUANT.!K162 -> 375.92 | H22: 874.56 | I22: 0.2824 | J22: =ROUND(H22*(1+I22),2) -> 1121.54 | K22: Drenagem | L22: 1.009 | M22: =ROUND(J22*G22*L22,2) -> 425403.8 | N22: =M22/$M$96 -> 0.022405797 | O22: =N22+O21 -> 0.79894374 | P22: 13 | Q22: A
B23: 06.12 | C23: SICRO-ES | D23: 1505879 | E23: ENROCAMENTO DE PEDRA ARRUMADA MANUALMENTE - PEDRA DE MÃO COMERCIAL - FORNECIMENTO E ASSENTAMENTO | F23: M3 | G23: =MEMORIAL_QUANT.!K174 -> 1093.3 | H23: 292.1 | I23: 0.2824 | J23: =ROUND(H23*(1+I23),2) -> 374.59 | K23: Drenagem | L23: 1.009 | M23: =ROUND(J23*G23*L23,2) -> 413225.1 | N23: =M23/$M$96 -> 0.021764352 | O23: =N23+O22 -> 0.8207081 | P23: 14 | Q23: B
B24: 04.01 | C24: SINAPI-ES | D24: 43055 | E24: ACO CA-50, 12,5 MM OU 16,0 MM, VERGALHAO | F24: KG | G24: =MEMORIAL_QUANT.!K117 -> 28649.23 | H24: 7.94 | I24: 0.2824 | J24: =ROUND(H24*(1+I24),2) -> 10.18 | K24: - | L24: 1 | M24: =ROUND(J24*G24*L24,2) -> 291649.16 | N24: =M24/$M$96 -> 0.01536101 | O24: =N24+O23 -> 0.83606911 | P24: 15 | Q24: B
B25: 05.07 | C25: SINAPI-ES | D25: 100349 | E25: CONCRETAGEM DE CORTINA DE CONTENÇÃO, ATRAVÉS DE BOMBA - LANÇAMENTO, ADENSAMENTO E ACABAMENTO. AF_11/2024 | F25: M3 | G25: =MEMORIAL_QUANT.!K138 -> 205.6 | H25: 772.21 | I25: 0.2824 | J25: =ROUND(H25*(1+I25),2) -> 990.28 | K25: - | L25: 1 | M25: =ROUND(J25*G25*L25,2) -> 203601.57 | N25: =M25/$M$96 -> 0.010723589 | O25: =N25+O24 -> 0.84679269 | P25: 16 | Q25: B
B26: 07.01 | C26: SICRO-ES | D26: 4415673 | E26: REVESTIMENTO VEGETAL COM GRAMA EM MUDAS EM SUPERFÍCIES INCLINADAS | F26: M2 | G26: =MEMORIAL_QUANT.!K203 -> 18927.72 | H26: 8.18 | I26: 0.2824 | J26: =ROUND(H26*(1+I26),2) -> 10.49 | K26: Obras Complementares | L26: 1.008 | M26: =ROUND(J26*G26*L26,2) -> 200140.2 | N26: =M26/$M$96 -> 0.010541281 | O26: =N26+O25 -> 0.85733397 | P26: 17 | Q26: B
B27: 06.05 | C27: SICRO-ES | D27: 2003419 | E27: DESCIDA D'ÁGUA DE ATERROS EM DEGRAUS - DAD 170-35 - AREIA E BRITA COMERCIAIS | F27: M | G27: =MEMORIAL_QUANT.!K164 -> 136.42 | H27: 1059.1 | I27: 0.2824 | J27: =ROUND(H27*(1+I27),2) -> 1358.19 | K27: Drenagem | L27: 1.009 | M27: =ROUND(J27*G27*L27,2) -> 186951.84 | N27: =M27/$M$96 -> 0.0098466564 | O27: =N27+O26 -> 0.86718063 | P27: 18 | Q27: B
B28: 06.15 | C28: SICRO-ES | D28: 5914374 | E28: TRANSPORTE COM CAMINHÃO BASCULANTE DE 10 M³ - RODOVIA EM REVESTIMENTO PRIMÁRIO | F28: TKM | G28: =MEMORIAL_QUANT.!K187 -> 130552.49 | H28: 1 | I28: 0.2824 | J28: =ROUND(H28*(1+I28),2) -> 1.28 | K28: Drenagem | L28: 1.009 | M28: =ROUND(J28*G28*L28,2) -> 168611.15 | N28: =M28/$M$96 -> 0.0088806618 | O28: =N28+O27 -> 0.87606129 | P28: 19 | Q28: B
B29: 05.04 | C29: SINAPI-ES | D29: 100346 | E29: ARMAÇÃO DE CORTINA DE CONTENÇÃO EM CONCRETO ARMADO, COM AÇO CA-50 DE 16 MM - MONTAGEM. AF_11/2024 | F29: KG | G29: =MEMORIAL_QUANT.!K135 -> 11570 | H29: 10.74 | I29: 0.2824 | J29: =ROUND(H29*(1+I29),2) -> 13.77 | K29: - | L29: 1 | M29: =ROUND(J29*G29*L29,2) -> 159318.9 | N29: =M29/$M$96 -> 0.0083912438 | O29: =N29+O28 -> 0.88445254 | P29: 20 | Q29: B
B30: 05.02 | C30: SINAPI-ES | D30: 100344 | E30: ARMAÇÃO DE CORTINA DE CONTENÇÃO EM CONCRETO ARMADO, COM AÇO CA-50 DE 10 MM - MONTAGEM. AF_11/2024 | F30: KG | G30: =MEMORIAL_QUANT.!K133 -> 8621 | H30: 14.31 | I30: 0.2824 | J30: =ROUND(H30*(1+I30),2) -> 18.35 | K30: - | L30: 1 | M30: =ROUND(J30*G30*L30,2) -> 158195.35 | N30: =M30/$M$96 -> 0.008332067 | O30: =N30+O29 -> 0.8927846 | P30: 21 | Q30: B
B31: 02.11 | C31: SINAPI-ES | D31: 10778 | E31: LOCACAO DE CONTAINER 2,30 X 6,00 M, ALT. 2,50 M, PARA SANITARIO, COM 4 BACIAS, 8 CHUVEIROS,1 LAVATORIO E 1 MICTORIO (NAO INCLUI MOBILIZACAO/DESMOBILIZACAO) | F31: MES | G31: =MEMORIAL_QUANT.!K40 -> 72 | H31: 1562.5 | I31: 0.2824 | J31: =ROUND(H31*(1+I31),2) -> 2003.75 | K31: - | L31: 1 | M31: =ROUND(J31*G31*L31,2) -> 144270 | N31: =M31/$M$96 -> 0.0075986261 | O31: =N31+O30 -> 0.90038323 | P31: 22 | Q31: B
B32: 06.06 | C32: SICRO-ES | D32: 6817881 | E32: CORPO DE BSCC - SEÇÃO FECHADA DE 3,0 X 3,0 M - PRÉ-MOLDADO - ALTURA DO ATERRO DE 10,00 A 12,50 M - AREIA E BRITA COMERCIAIS | F32: M | G32: =MEMORIAL_QUANT.!K166 -> 16 | H32: 6729.03 | I32: 0.2824 | J32: =ROUND(H32*(1+I32),2) -> 8629.31 | K32: Drenagem | L32: 1.009 | M32: =ROUND(J32*G32*L32,2) -> 139311.58 | N32: =M32/$M$96 -> 0.0073374687 | O32: =N32+O31 -> 0.9077207 | P32: 23 | Q32: B
B33: 05.05 | C33: SICRO-ES | D33: M0999 | E33: TELA EM AÇO CA 60 SOLDADA NERVURADA | F33: KG | G33: =MEMORIAL_QUANT.!K136 -> 10661 | H33: 9.81 | I33: 0.2824 | J33: =ROUND(H33*(1+I33),2) -> 12.58 | K33: Obras Complementares | L33: 1.008 | M33: =ROUND(J33*G33*L33,2) -> 135188.3 | N33: =M33/$M$96 -> 0.0071202976 | O33: =N33+O32 -> 0.914841 | P33: 24 | Q33: B
B34: 08.01 | C34: SICRO-ES | D34: 4915730 | E34: RECOMPOSIÇÃO TOTAL DE CERCA COM MOURÃO DE MADEIRA | F34: M | G34: =MEMORIAL_QUANT.!K219 -> 2760 | H34: 29.89 | I34: 0.2824 | J34: =ROUND(H34*(1+I34),2) -> 38.33 | K34: Obras Complementares | L34: 1.008 | M34: =ROUND(J34*G34*L34,2) -> 106637.13 | N34: =M34/$M$96 -> 0.0056165223 | O34: =N34+O33 -> 0.92045752 | P34: 25 | Q34: B
B35: 01.01 | C35: SINAPI-ES | D35: 41089 | E35: TECNICO EM LABORATORIO E CAMPO DE CONSTRUCAO CIVIL (MENSALISTA) | F35: MES | G35: =MEMORIAL_QUANT.!K12 -> 18 | H35: 4162.57 | I35: 0.2824 | J35: =ROUND(H35*(1+I35),2) -> 5338.08 | K35: - | L35: 1 | M35: =ROUND(J35*G35*L35,2) -> 96085.44 | N35: =M35/$M$96 -> 0.0050607703 | O35: =N35+O34 -> 0.92551829 | P35: 26 | Q35: B
B36: 04.03 | C36: SINAPI-ES | D36: 90279 | E36: GRAUTE FGK=20 MPA; TRAÇO 1:0,04:1,8:2,1 (EM MASSA SECA DE CIMENTO/ CAL/ AREIA GROSSA/ BRITA 0) - PREPARO MECÂNICO COM BETONEIRA 400 L. AF_09/2021 | F36: M3 | G36: =MEMORIAL_QUANT.!K122 -> 129.75 | H36: 575.49 | I36: 0.2824 | J36: =ROUND(H36*(1+I36),2) -> 738.01 | K36: - | L36: 1 | M36: =ROUND(J36*G36*L36,2) -> 95756.8 | N36: =M36/$M$96 -> 0.005043461 | O36: =N36+O35 -> 0.93056175 | P36: 27 | Q36: B
B37: 03.08 | C37: SICRO-ES | D37: 4815671 | E37: REATERRO E COMPACTAÇÃO COM SOQUETE VIBRATÓRIO | F37: M3 | G37: =MEMORIAL_QUANT.!K91 -> 3917 | H37: 18.54 | I37: 0.2824 | J37: =ROUND(H37*(1+I37),2) -> 23.78 | K37: Terraplenagem | L37: 1.004 | M37: =ROUND(J37*G37*L37,2) -> 93518.85 | N37: =M37/$M$96 -> 0.0049255893 | O37: =N37+O36 -> 0.93548734 | P37: 28 | Q37: B
B38: 05.08 | C38: SINAPI-ES | D38: 104849 | E38: EXECUÇÃO DE PERFURAÇÃO PARA TIRANTE, COMPRIMENTO MAIOR OU IGUAL A 14 M E MENOR QUE 22 M, COM DIÂMETRO DE FURO DE 100 MM EXECUTADO COM HASTE UTILIZANDO PERFURATRIZ MANUAL SOBRE BASE DE MONTAGEM. AF_11/2023 | F38: M | G38: =MEMORIAL_QUANT.!K139 -> 1144 | H38: 61.32 | I38: 0.2824 | J38: =ROUND(H38*(1+I38),2) -> 78.64 | K38: - | L38: 1 | M38: =ROUND(J38*G38*L38,2) -> 89964.16 | N38: =M38/$M$96 -> 0.0047383656 | O38: =N38+O37 -> 0.9402257 | P38: 29 | Q38: B
B39: 03.09 | C39: SINAPI-ES | D39: 93592 | E39: TRANSPORTE COM CAMINHÃO BASCULANTE DE 14 M³, EM VIA URBANA EM REVESTIMENTO PRIMÁRIO (UNIDADE: M3XKM). AF_07/2020 | F39: M3XKM | G39: =MEMORIAL_QUANT.!K95 -> 28587.38 | H39: 2.4 | I39: 0.2824 | J39: =ROUND(H39*(1+I39),2) -> 3.08 | K39: - | L39: 1 | M39: =ROUND(J39*G39*L39,2) -> 88049.13 | N39: =M39/$M$96 -> 0.004637502 | O39: =N39+O38 -> 0.94486321 | P39: 30 | Q39: B
B40: 02.01 | C40: SINAPI-ES | D40: 98459 | E40: TAPUME COM TELHA METÁLICA. AF_03/2024 | F40: M2 | G40: =MEMORIAL_QUANT.!K23 -> 700 | H40: 94.13 | I40: 0.2824 | J40: =ROUND(H40*(1+I40),2) -> 120.71 | K40: - | L40: 1 | M40: =ROUND(J40*G40*L40,2) -> 84497 | N40: =M40/$M$96 -> 0.0044504132 | O40: =N40+O39 -> 0.94931362 | P40: 31 | Q40: B
B41: 06.10 | C41: SICRO-ES | D41: 2003652 | E41: CAIXA DE LIGAÇÃO E PASSAGEM - CLP 06 - AREIA E BRITA COMERCIAIS | F41: UN | G41: =MEMORIAL_QUANT.!K171 -> 14 | H41: 4453.57 | I41: 0.2824 | J41: =ROUND(H41*(1+I41),2) -> 5711.26 | K41: Drenagem | L41: 1.009 | M41: =ROUND(J41*G41*L41,2) -> 80677.26 | N41: =M41/$M$96 -> 0.0042492294 | O41: =N41+O40 -> 0.95356285 | P41: 32 | Q41: B
B42: 05.06 | C42: SINAPI-ES | D42: 100341 | E42: FABRICAÇÃO, MONTAGEM E DESMONTAGEM DE FÔRMA PARA CORTINA DE CONTENÇÃO, EM CHAPA DE MADEIRA COMPENSADA PLASTIFICADA, E = 18 MM, 10 UTILIZAÇÕES. AF_11/2024 | F42: M2 | G42: =MEMORIAL_QUANT.!K137 -> 1164 | H42: 46.96 | I42: 0.2824 | J42: =ROUND(H42*(1+I42),2) -> 60.22 | K42: - | L42: 1 | M42: =ROUND(J42*G42*L42,2) -> 70096.08 | N42: =M42/$M$96 -> 0.0036919242 | O42: =N42+O41 -> 0.95725477 | P42: 33 | Q42: B
B43: 05.03 | C43: SINAPI-ES | D43: 100345 | E43: ARMAÇÃO DE CORTINA DE CONTENÇÃO EM CONCRETO ARMADO, COM AÇO CA-50 DE 12,5 MM - MONTAGEM. AF_11/2024 | F43: KG | G43: =MEMORIAL_QUANT.!K134 -> 4706 | H43: 11.21 | I43: 0.2824 | J43: =ROUND(H43*(1+I43),2) -> 14.38 | K43: - | L43: 1 | M43: =ROUND(J43*G43*L43,2) -> 67672.28 | N43: =M43/$M$96 -> 0.0035642639 | O43: =N43+O42 -> 0.96081904 | P43: 34 | Q43: C
B44: 01.06 | C44: LABORATÓRIO | D44: - | E44: ENSAIO DE COMPACTAÇÃO DE SOLO | F44: UND | G44: =MEMORIAL_QUANT.!K19 -> 55 | H44: 920 | I44: 0.2824 | J44: =ROUND(H44*(1+I44),2) -> 1179.81 | K44: - | L44: 1 | M44: =ROUND(J44*G44*L44,2) -> 64889.55 | N44: =M44/$M$96 -> 0.0034176989 | O44: =N44+O43 -> 0.96423674 | P44: 35 | Q44: C
B45: 01.04 | C45: SINAPI-ES | D45: 105007 | E45: LOCAÇÃO DE PRAÇAS EM PONTALETEAMENTO. AF_03/2024 | F45: UN | G45: =MEMORIAL_QUANT.!K17 -> 1000 | H45: 47.74 | I45: 0.2824 | J45: =ROUND(H45*(1+I45),2) -> 61.22 | K45: - | L45: 1 | M45: =ROUND(J45*G45*L45,2) -> 61220 | N45: =M45/$M$96 -> 0.0032244256 | O45: =N45+O44 -> 0.96746116 | P45: 36 | Q45: C
B46: 06.03 | C46: SICRO-ES | D46: 2003411 | E46: DESCIDA D'ÁGUA DE ATERROS EM DEGRAUS - DAD 110-26 - AREIA E BRITA COMERCIAIS | F46: M | G46: =MEMORIAL_QUANT.!K160 -> 53.37 | H46: 795.71 | I46: 0.2824 | J46: =ROUND(H46*(1+I46),2) -> 1020.42 | K46: Drenagem | L46: 1.009 | M46: =ROUND(J46*G46*L46,2) -> 54949.95 | N46: =M46/$M$96 -> 0.0028941854 | O46: =N46+O45 -> 0.97035535 | P46: 37 | Q46: C
B47: 06.11 | C47: SICRO-ES | D47: 2003369 | E47: MEIO-FIO DE CONCRETO - MFC 01 - AREIA E BRITA COMERCIAIS - FÔRMA DE MADEIRA | F47: M | G47: =MEMORIAL_QUANT.!K172 -> 325.71 | H47: 111.43 | I47: 0.2824 | J47: =ROUND(H47*(1+I47),2) -> 142.9 | K47: Drenagem | L47: 1.009 | M47: =ROUND(J47*G47*L47,2) -> 46962.85 | N47: =M47/$M$96 -> 0.0024735089 | O47: =N47+O46 -> 0.97282886 | P47: 38 | Q47: C
B48: 03.11 | C48: SINAPI-ES | D48: 100979 | E48: CARGA, MANOBRA E DESCARGA DE SOLOS E MATERIAIS GRANULARES EM CAMINHÃO BASCULANTE 14 M³ - CARGA COM ESCAVADEIRA HIDRÁULICA (CAÇAMBA DE 1,20 M³ / 155 HP) E DESCARGA LIVRE (UNIDADE: M3). AF_07/2020 | F48: M3 | G48: =MEMORIAL_QUANT.!K106 -> 4904.56 | H48: 6.84 | I48: 0.2824 | J48: =ROUND(H48*(1+I48),2) -> 8.77 | K48: - | L48: 1 | M48: =ROUND(J48*G48*L48,2) -> 43012.99 | N48: =M48/$M$96 -> 0.0022654719 | O48: =N48+O47 -> 0.97509433 | P48: 39 | Q48: C
B49: 05.14 | C49: SICRO-ES | D49: 5605945 | E49: PROTENSÃO DE TIRANTE PERMANENTE PROTENDIDO DE AÇO D = 32 MM, TENSÃO DE ESCOAMENTO = 950 MPA E TENSÃO DE RUPTURA = 1.050 MPA - INCLUSIVE ANCORAGEM E GRAUTEAMENTO DA CABEÇA | F49: UN | G49: =MEMORIAL_QUANT.!K146 -> 52 | H49: 552.52 | I49: 0.2824 | J49: =ROUND(H49*(1+I49),2) -> 708.55 | K49: Obras Complementares | L49: 1.008 | M49: =ROUND(J49*G49*L49,2) -> 37139.36 | N49: =M49/$M$96 -> 0.0019561108 | O49: =N49+O48 -> 0.97705044 | P49: 40 | Q49: C
B50: 05.16 | C50: SINAPI-ES | D50: 96619 | E50: LASTRO DE CONCRETO MAGRO, APLICADO EM BLOCOS DE COROAMENTO OU SAPATAS, ESPESSURA DE 5 CM. AF_01/2024 | F50: M2 | G50: =MEMORIAL_QUANT.!K148 -> 685.4 | H50: 42.06 | I50: 0.2824 | J50: =ROUND(H50*(1+I50),2) -> 53.94 | K50: - | L50: 1 | M50: =ROUND(J50*G50*L50,2) -> 36970.48 | N50: =M50/$M$96 -> 0.001947216 | O50: =N50+O49 -> 0.97899766 | P50: 41 | Q50: C
B51: 03.02 | C51: SINAPI-ES | D51: 98524 | E51: LIMPEZA MANUAL DE VEGETAÇÃO EM TERRENO COM ENXADA. AF_03/2024 | F51: M2 | G51: =MEMORIAL_QUANT.!K58 -> 4571.6 | H51: 5.7 | I51: 0.2824 | J51: =ROUND(H51*(1+I51),2) -> 7.31 | K51: - | L51: 1 | M51: =ROUND(J51*G51*L51,2) -> 33418.4 | N51: =M51/$M$96 -> 0.0017601298 | O51: =N51+O50 -> 0.98075778 | P51: 42 | Q51: C
B52: 05.15 | C52: SICRO-ES | D52: M0107 | E52: GEOCOMPOSTO PARA DRENAGEM | F52: M2 | G52: =MEMORIAL_QUANT.!K147 -> 583.5 | H52: 43.26 | I52: 0.2824 | J52: =ROUND(H52*(1+I52),2) -> 55.48 | K52: Obras Complementares | L52: 1.008 | M52: =ROUND(J52*G52*L52,2) -> 32631.56 | N52: =M52/$M$96 -> 0.0017186873 | O52: =N52+O51 -> 0.98247647 | P52: 43 | Q52: C
B53: 05.12 | C53: SINAPI-ES | D53: 106004 | E53: EXECUÇÃO DE CANALETA DE CONCRETO ARMADO MOLDADA IN LOCO, ESPESSURA DE 0,1 M, GEOMETRIA QUADRADA, COM DIMENSÕES INTERNAS: L=0,20 M; H=0,20 M. AF_05/2025 | F53: M | G53: =MEMORIAL_QUANT.!K143 -> 116.7 | H53: 194.75 | I53: 0.2824 | J53: =ROUND(H53*(1+I53),2) -> 249.75 | K53: - | L53: 1 | M53: =ROUND(J53*G53*L53,2) -> 29145.83 | N53: =M53/$M$96 -> 0.0015350957 | O53: =N53+O52 -> 0.98401157 | P53: 44 | Q53: C
B54: 02.09 | C54: SINAPI-ES | D54: 10775 | E54: LOCACAO DE CONTAINER 2,30 X 6,00 M, ALT. 2,50 M, COM 1 SANITARIO, PARA ESCRITORIO, COMPLETO, SEM DIVISORIAS INTERNAS (NAO INCLUI MOBILIZACAO/DESMOBILIZACAO) | F54: MES | G54: =MEMORIAL_QUANT.!K33 -> 18 | H54: 1250 | I54: 0.2824 | J54: =ROUND(H54*(1+I54),2) -> 1603 | K54: - | L54: 1 | M54: =ROUND(J54*G54*L54,2) -> 28854 | N54: =M54/$M$96 -> 0.0015197252 | O54: =N54+O53 -> 0.98553129 | P54: 45 | Q54: C
B55: 03.12 | C55: SINAPI-ES | D55: 102355 | E55: DESMONTE DE MATERIAL DE 3ª CATEGORIA (BLOCOS DE ROCHAS OU MATACOS), EM VALA, COM MARTELETE PNEUMÁTICO MANUAL - EXCLUSIVE RETIRADA, CARGA E TRANSPORTE. AF_03/2021 | F55: M3 | G55: =MEMORIAL_QUANT.!K112 -> 100 | H55: 197.84 | I55: 0.2824 | J55: =ROUND(H55*(1+I55),2) -> 253.71 | K55: - | L55: 1 | M55: =ROUND(J55*G55*L55,2) -> 25371 | N55: =M55/$M$96 -> 0.0013362774 | O55: =N55+O54 -> 0.98686757 | P55: 46 | Q55: C
B56: 06.01 | C56: SICRO-ES | D56: 2003830 | E56: TUBO DE CONCRETO PA1 COMERCIAL PARA DRENAGEM - D = 1,00 M - FORNECIMENTO E INSTALAÇÃO | F56: M | G56: =MEMORIAL_QUANT.!K155 -> 28.5 | H56: 655.94 | I56: 0.2824 | J56: =ROUND(H56*(1+I56),2) -> 841.18 | K56: Drenagem | L56: 1.009 | M56: =ROUND(J56*G56*L56,2) -> 24189.39 | N56: =M56/$M$96 -> 0.0012740426 | O56: =N56+O55 -> 0.98814161 | P56: 47 | Q56: C
B57: 01.03 | C57: SINAPI-ES | D57: 105009 | E57: LOCAÇÃO CONVENCIONAL DE OBRA, UTILIZANDO GABARITO DE TÁBUAS CORRIDAS PONTALETADAS A CADA 1,50M - 2 UTILIZAÇÕES. AF_03/2024 | F57: M | G57: =MEMORIAL_QUANT.!K16 -> 200 | H57: 93.67 | I57: 0.2824 | J57: =ROUND(H57*(1+I57),2) -> 120.12 | K57: - | L57: 1 | M57: =ROUND(J57*G57*L57,2) -> 24024 | N57: =M57/$M$96 -> 0.0012653316 | O57: =N57+O56 -> 0.98940694 | P57: 48 | Q57: C
B58: 02.07 | C58: SINAPI-ES | D58: 105113 | E58: ESTRUTURA DE MADEIRA PROVISÓRIA PARA SUPORTE DE CAIXA D'ÁGUA ELEVADA DE 2000 LITROS. AF_03/2024 | F58: UN | G58: =MEMORIAL_QUANT.!K31 -> 2 | H58: 8474.96 | I58: 0.2824 | J58: =ROUND(H58*(1+I58),2) -> 10868.29 | K58: - | L58: 1 | M58: =ROUND(J58*G58*L58,2) -> 21736.58 | N58: =M58/$M$96 -> 0.0011448544 | O58: =N58+O57 -> 0.9905518 | P58: 49 | Q58: C
B59: 06.18 | C59: SICRO-ES | D59: 5914479 | E59: TRANSPORTE COM CAMINHÃO CARROCERIA DE 15 T - RODOVIA PAVIMENTADA | F59: TKM | G59: =MEMORIAL_QUANT.!K197 -> 23091.51 | H59: 0.72 | I59: 0.2824 | J59: =ROUND(H59*(1+I59),2) -> 0.92 | K59: Drenagem | L59: 1.009 | M59: =ROUND(J59*G59*L59,2) -> 21435.39 | N59: =M59/$M$96 -> 0.0011289909 | O59: =N59+O58 -> 0.99168079 | P59: 50 | Q59: C
B60: 06.08 | C60: SINAPI-ES | D60: 102993 | E60: CANALETA MEIA CANA PRÉ-MOLDADA DE CONCRETO (D = 60 CM) - FORNECIMENTO E INSTALAÇÃO. AF_05/2025 | F60: M | G60: =MEMORIAL_QUANT.!K169 -> 99.42 | H60: 154.78 | I60: 0.2824 | J60: =ROUND(H60*(1+I60),2) -> 198.49 | K60: - | L60: 1 | M60: =ROUND(J60*G60*L60,2) -> 19733.88 | N60: =M60/$M$96 -> 0.0010393732 | O60: =N60+O59 -> 0.99272016 | P60: 51 | Q60: C
B61: 01.07 | C61: LABORATÓRIO | D61: - | E61: COLETA DE AMOSTRAS DEFORMADAS | F61: UND | G61: =MEMORIAL_QUANT.!K20 -> 55 | H61: 260 | I61: 0.2824 | J61: =ROUND(H61*(1+I61),2) -> 333.42 | K61: - | L61: 1 | M61: =ROUND(J61*G61*L61,2) -> 18338.1 | N61: =M61/$M$96 -> 0.00096585821 | O61: =N61+#REF! -> #REF! | P61: 53 | Q61: C
B62: 03.01 | C62: SINAPI-ES | D62: 98525 | E62: LIMPEZA MECANIZADA DE CAMADA VEGETAL, VEGETAÇÃO E PEQUENAS ÁRVORES (DIÂMETRO DE TRONCO MENOR QUE 0,20 M), COM TRATOR DE ESTEIRAS. AF_03/2024 | F62: M2 | G62: =MEMORIAL_QUANT.!K54 -> 16652.9 | H62: 0.75 | I62: 0.2824 | J62: =ROUND(H62*(1+I62),2) -> 0.96 | K62: - | L62: 1 | M62: =ROUND(J62*G62*L62,2) -> 15986.78 | N62: =M62/$M$96 -> 0.00084201541 | O62: =N62+O61 -> #REF! | P62: 54 | Q62: C
B63: 06.07 | C63: SINAPI-ES | D63: 102991 | E63: CANALETA MEIA CANA PRÉ-MOLDADA DE CONCRETO (D = 40 CM) - FORNECIMENTO E INSTALAÇÃO. AF_05/2025 | F63: M | G63: =MEMORIAL_QUANT.!K168 -> 111.8 | H63: 80.12 | I63: 0.2824 | J63: =ROUND(H63*(1+I63),2) -> 102.75 | K63: - | L63: 1 | M63: =ROUND(J63*G63*L63,2) -> 11487.45 | N63: =M63/$M$96 -> 0.00060503803 | O63: =N63+O62 -> #REF! | P63: 55 | Q63: C
B64: 01.05 | C64: LABORATÓRIO | D64: - | E64: ENSAIO DE CARACTERIZAÇÃO DE SOLO COMPLETA (GRANULOMETRIA / LL / LP) | F64: UND | G64: =MEMORIAL_QUANT.!K18 -> 11 | H64: 680 | I64: 0.2824 | J64: =ROUND(H64*(1+I64),2) -> 872.03 | K64: - | L64: 1 | M64: =ROUND(J64*G64*L64,2) -> 9592.33 | N64: =M64/$M$96 -> 0.00050522305 | O64: =N64+O63 -> #REF! | P64: 56 | Q64: C
B65: 07.03 | C65: SICRO-ES | D65: 5914479 | E65: TRANSPORTE COM CAMINHÃO CARROCERIA DE 15 T - RODOVIA PAVIMENTADA | F65: TKM | G65: =MEMORIAL_QUANT.!K205 -> 9710.77 | H65: 0.72 | I65: 0.2824 | J65: =ROUND(H65*(1+I65),2) -> 0.92 | K65: Obras Complementares | L65: 1.008 | M65: =ROUND(J65*G65*L65,2) -> 9005.38 | N65: =M65/$M$96 -> 0.00047430869 | O65: =N65+O64 -> #REF! | P65: 57 | Q65: C
B66: 05.01 | C66: SINAPI-ES | D66: 100343 | E66: ARMAÇÃO DE CORTINA DE CONTENÇÃO EM CONCRETO ARMADO, COM AÇO CA-50 DE 8 MM - MONTAGEM. AF_11/2024 | F66: KG | G66: =MEMORIAL_QUANT.!K131 -> 316 | H66: 17.29 | I66: 0.2824 | J66: =ROUND(H66*(1+I66),2) -> 22.17 | K66: - | L66: 1 | M66: =ROUND(J66*G66*L66,2) -> 7005.72 | N66: =M66/$M$96 -> 0.00036898764 | O66: =N66+O65 -> #REF! | P66: 58 | Q66: C
B67: 02.03 | C67: SINAPI-ES | D67: 103689 | E67: FORNECIMENTO E INSTALAÇÃO DE PLACA DE OBRA COM CHAPA GALVANIZADA E ESTRUTURA DE MADEIRA. AF_03/2022_PS | F67: M2 | G67: =MEMORIAL_QUANT.!K25 -> 10 | H67: 469.31 | I67: 0.2824 | J67: =ROUND(H67*(1+I67),2) -> 601.84 | K67: - | L67: 1 | M67: =ROUND(J67*G67*L67,2) -> 6018.4 | N67: =M67/$M$96 -> 0.00031698601 | O67: =N67+O66 -> #REF! | P67: 59 | Q67: C
B68: 02.06 | C68: SINAPI-ES | D68: 101505 | E68: ENTRADA DE ENERGIA ELÉTRICA, AÉREA, TRIFÁSICA, COM CAIXA DE SOBREPOR, CABO DE 10 MM2 E DISJUNTOR DIN 50A (NÃO INCLUSO O POSTE DE CONCRETO). AF_07/2020_PS | F68: UN | G68: =MEMORIAL_QUANT.!K28 -> 2 | H68: 2108.44 | I68: 0.2824 | J68: =ROUND(H68*(1+I68),2) -> 2703.86 | K68: - | L68: 1 | M68: =ROUND(J68*G68*L68,2) -> 5407.72 | N68: =M68/$M$96 -> 0.00028482181 | O68: =N68+O67 -> #REF! | P68: 60 | Q68: C
B69: 07.02 | C69: SICRO-ES | D69: 4413989 | E69: PLANTIO DE MUDA DE ÁRVORE COM ALTURA DE 0,30 A 0,80 M EM COVA DE 0,60 X 0,60 X 0,60 M | F69: UN | G69: =MEMORIAL_QUANT.!K204 -> 100 | H69: 41.18 | I69: 0.2824 | J69: =ROUND(H69*(1+I69),2) -> 52.81 | K69: Obras Complementares | L69: 1.008 | M69: =ROUND(J69*G69*L69,2) -> 5323.25 | N69: =M69/$M$96 -> 0.00028037282 | O69: =N69+O68 -> #REF! | P69: 61 | Q69: C
B70: 02.08 | C70: SINAPI-ES | D70: 102615 | E70: CAIXA D´ÁGUA EM POLIÉSTER REFORÇADO COM FIBRA DE VIDRO, 2000 LITROS - FORNECIMENTO E INSTALAÇÃO. AF_06/2021 | F70: UN | G70: =MEMORIAL_QUANT.!K32 -> 3 | H70: 1280.99 | I70: 0.2824 | J70: =ROUND(H70*(1+I70),2) -> 1642.74 | K70: - | L70: 1 | M70: =ROUND(J70*G70*L70,2) -> 4928.22 | N70: =M70/$M$96 -> 0.00025956679 | O70: =N70+O69 -> #REF! | P70: 62 | Q70: C
B71: 02.02 | C71: SINAPI-ES | D71: 34723 | E71: PLACA DE SINALIZACAO EM CHAPA DE ACO NUM 16 COM PINTURA REFLETIVA | F71: M2 | G71: =MEMORIAL_QUANT.!K24 -> 4 | H71: 924 | I71: 0.2824 | J71: =ROUND(H71*(1+I71),2) -> 1184.94 | K71: - | L71: 1 | M71: =ROUND(J71*G71*L71,2) -> 4739.76 | N71: =M71/$M$96 -> 0.0002496407 | O71: =N71+O70 -> #REF! | P71: 63 | Q71: C
B72: 02.12 | C72: SINAPI-ES | D72: 105115 | E72: INSTALAÇÃO E DESINSTALAÇÃO MECANIZADA DE CONTÊINER OU MÓDULO HABITÁVEL DE USOS DIVERSOS. AF_03/2024 | F72: UN | G72: =MEMORIAL_QUANT.!K42 -> 25 | H72: 141.42 | I72: 0.2824 | J72: =ROUND(H72*(1+I72),2) -> 181.36 | K72: - | L72: 1 | M72: =ROUND(J72*G72*L72,2) -> 4534 | N72: =M72/$M$96 -> 0.00023880343 | O72: =N72+O71 -> #REF! | P72: 64 | Q72: C
B73: 06.17 | C73: SICRO-ES | D73: 5914637 | E73: TRANSPORTE COM CAVALO MECÂNICO COM SEMIRREBOQUE COM CAPACIDADE DE 20 T - RODOVIA PAVIMENTADA | F73: TKM | G73: =MEMORIAL_QUANT.!K195 -> 3868.48 | H73: 0.83 | I73: 0.2824 | J73: =ROUND(H73*(1+I73),2) -> 1.06 | K73: Drenagem | L73: 1.009 | M73: =ROUND(J73*G73*L73,2) -> 4137.49 | N73: =M73/$M$96 -> 0.00021791945 | O73: =N73+O72 -> #REF! | P73: 65 | Q73: C
B74: 02.14 | C74: SINAPI-ES | D74: 95879 | E74: TRANSPORTE COM CAMINHÃO BASCULANTE DE 14 M³, EM VIA URBANA PAVIMENTADA, DMT ATÉ 30 KM (UNIDADE: TXKM). AF_07/2020 | F74: TXKM | G74: =MEMORIAL_QUANT.!K50 -> 2000 | H74: 1.47 | I74: 0.2824 | J74: =ROUND(H74*(1+I74),2) -> 1.89 | K74: - | L74: 1 | M74: =ROUND(J74*G74*L74,2) -> 3780 | N74: =M74/$M$96 -> 0.00019909064 | O74: =N74+O73 -> #REF! | P74: 66 | Q74: C
B75: 03.13 | C75: SINAPI-ES | D75: 102360 | E75: RETIRADA DE MATERIAL DE 3ª CATEGORIA (APÓS ESCAVAÇÃO/DESMONTE) EM VALAS, COM ESCAVADEIRA HIDRÁULICA - EXCLUSIVE CARGA E TRANSPORTE. AF_03/2021 | F75: M3 | G75: =MEMORIAL_QUANT.!K114 -> 100 | H75: 26.69 | I75: 0.2824 | J75: =ROUND(H75*(1+I75),2) -> 34.23 | K75: - | L75: 1 | M75: =ROUND(J75*G75*L75,2) -> 3423 | N75: =M75/$M$96 -> 0.00018028763 | O75: =N75+O74 -> #REF! | P75: 67 | Q75: C
B76: 03.03 | C76: SINAPI-ES | D76: 104947 | E76: DRAGAGEM DE MATERIAIS DE 1A CATEGORIA E COMPOSTOS ORGÂNICOS E INORGÂNICOS COM RETROESCAVADEIRA (CAÇAMBA: 0,26 M3/88 HP). AF_03/2024 | F76: M3 | G76: =MEMORIAL_QUANT.!K63 -> 200 | H76: 13.15 | I76: 0.2824 | J76: =ROUND(H76*(1+I76),2) -> 16.86 | K76: - | L76: 1 | M76: =ROUND(J76*G76*L76,2) -> 3372 | N76: =M76/$M$96 -> 0.00017760149 | O76: =N76+O75 -> #REF! | P76: 68 | Q76: C
B77: 02.13 | C77: SINAPI-ES | D77: 97637 | E77: REMOÇÃO DE TAPUME/ CHAPAS METÁLICAS E DE MADEIRA, DE FORMA MANUAL, SEM REAPROVEITAMENTO. AF_09/2023 | F77: M2 | G77: =MEMORIAL_QUANT.!K49 -> 700 | H77: 3.75 | I77: 0.2824 | J77: =ROUND(H77*(1+I77),2) -> 4.81 | K77: - | L77: 1 | M77: =ROUND(J77*G77*L77,2) -> 3367 | N77: =M77/$M$96 -> 0.00017733814 | O77: =N77+O76 -> #REF! | P77: 69 | Q77: C
B78: 05.17 | C78: SICRO-ES | D78: 5914479 | E78: TRANSPORTE COM CAMINHÃO CARROCERIA DE 15 T - RODOVIA PAVIMENTADA | F78: TKM | G78: =MEMORIAL_QUANT.!K149 -> 3588.13 | H78: 0.72 | I78: 0.2824 | J78: =ROUND(H78*(1+I78),2) -> 0.92 | K78: Terraplenagem | L78: 1.004 | M78: =ROUND(J78*G78*L78,2) -> 3314.28 | N78: =M78/$M$96 -> 0.00017456141 | O78: =N78+O77 -> #REF! | P78: 70 | Q78: C
B79: 04.06 | C79: SICRO-ES | D79: 5914479 | E79: TRANSPORTE COM CAMINHÃO CARROCERIA DE 15 T - RODOVIA PAVIMENTADA | F79: TKM | G79: =MEMORIAL_QUANT.!K127 -> 2865 | H79: 0.72 | I79: 0.2824 | J79: =ROUND(H79*(1+I79),2) -> 0.92 | K79: Terraplenagem | L79: 1.004 | M79: =ROUND(J79*G79*L79,2) -> 2646.34 | N79: =M79/$M$96 -> 0.00013938136 | O79: =N79+O78 -> #REF! | P79: 71 | Q79: C
B80: 05.09 | C80: SINAPI-ES | D80: 102726 | E80: DRENO BARBACÃ, DN 50 MM, COM MATERIAL DRENANTE. AF_07/2021 | F80: UN | G80: =MEMORIAL_QUANT.!K140 -> 58 | H80: 33.04 | I80: 0.2824 | J80: =ROUND(H80*(1+I80),2) -> 42.37 | K80: - | L80: 1 | M80: =ROUND(J80*G80*L80,2) -> 2457.46 | N80: =M80/$M$96 -> 0.00012943314 | O80: =N80+O79 -> #REF! | P80: 72 | Q80: C
B81: 02.04 | C81: SINAPI-ES | D81: 13244 | E81: CONE DE SINALIZACAO EM PVC RIGIDO COM FAIXA REFLETIVA, H = 70 / 76 CM | F81: UN | G81: =MEMORIAL_QUANT.!K26 -> 30 | H81: 39.69 | I81: 0.2824 | J81: =ROUND(H81*(1+I81),2) -> 50.9 | K81: - | L81: 1 | M81: =ROUND(J81*G81*L81,2) -> 1527 | N81: =M81/$M$96 -> 8.0426298e-05 | O81: =N81+O80 -> #REF! | P81: 73 | Q81: C
B82: 06.02 | C82: SICRO-ES | D82: 2003822 | E82: TUBO DE CONCRETO PA1 COMERCIAL PARA DRENAGEM - D = 0,60 M - FORNECIMENTO E INSTALAÇÃO | F82: M | G82: =MEMORIAL_QUANT.!K158 -> 3.47 | H82: 302.11 | I82: 0.2824 | J82: =ROUND(H82*(1+I82),2) -> 387.43 | K82: Drenagem | L82: 1.009 | M82: =ROUND(J82*G82*L82,2) -> 1356.48 | N82: =M82/$M$96 -> 7.1445098e-05 | O82: =N82+O81 -> #REF! | P82: 74 | Q82: C
B83: 04.02 | C83: SINAPI-ES | D83: 39013 | E83: ESPACADOR/SEPARADOR /CENTRALIZADOR DE BARRA DE ACO, PLASTICO, (CHUMBADOR TIPO CARAMBOLA - CB), DIAMETRO INTERNO ATE 20 MM | F83: UN | G83: =MEMORIAL_QUANT.!K120 -> 893 | H83: 1.14 | I83: 0.2824 | J83: =ROUND(H83*(1+I83),2) -> 1.46 | K83: - | L83: 1 | M83: =ROUND(J83*G83*L83,2) -> 1303.78 | N83: =M83/$M$96 -> 6.8669416e-05 | O83: =N83+O82 -> #REF! | P83: 75 | Q83: C
B84: 02.05 | C84: SINAPI-ES | D84: 37524 | E84: TELA PLASTICA LARANJA, TIPO TAPUME PARA SINALIZACAO, MALHA RETANGULAR, ROLO 1.20 X 50 M (L X C) | F84: M | G84: =MEMORIAL_QUANT.!K27 -> 500 | H84: 1.96 | I84: 0.2824 | J84: =ROUND(H84*(1+I84),2) -> 2.51 | K84: - | L84: 1 | M84: =ROUND(J84*G84*L84,2) -> 1255 | N84: =M84/$M$96 -> 6.6100199e-05 | O84: =N84+O83 -> #REF! | P84: 76 | Q84: C
B85: 06.16 | C85: SICRO-ES | D85: 5914614 | E85: TRANSPORTE COM CAMINHÃO CARROCERIA COM CAPACIDADE DE 7 T E COM GUINDAUTO COM CAPACIDADE DE ELEVAÇÃO DE 6,2 T - RODOVIA PAVIMENTADA | F85: TKM | G85: =MEMORIAL_QUANT.!K191 -> 520.26 | H85: 1.83 | I85: 0.2824 | J85: =ROUND(H85*(1+I85),2) -> 2.35 | K85: Drenagem | L85: 1.009 | M85: =ROUND(J85*G85*L85,2) -> 1233.61 | N85: =M85/$M$96 -> 6.4973599e-05 | O85: =N85+O84 -> #REF! | P85: 77 | Q85: C
B86: 05.10 | C86: SINAPI-ES | D86: 93358 | E86: ESCAVAÇÃO MANUAL DE VALA. AF_09/2024 | F86: M3 | G86: =MEMORIAL_QUANT.!K141 -> 8.71 | H86: 105.81 | I86: 0.2824 | J86: =ROUND(H86*(1+I86),2) -> 135.69 | K86: - | L86: 1 | M86: =ROUND(J86*G86*L86,2) -> 1181.86 | N86: =M86/$M$96 -> 6.2247953e-05 | O86: =N86+O85 -> #REF! | P86: 78 | Q86: C
B87: 01.02 | C87: SINAPI-ES | D87: 100299 | E87: CURSO DE CAPACITAÇÃO PARA TÉCNICO EM SEGURANÇA DO TRABALHO (ENCARGOS COMPLEMENTARES) - HORISTA | F87: H | G87: =MEMORIAL_QUANT.!K13 -> 800 | H87: 0.63 | I87: 0.2824 | J87: =ROUND(H87*(1+I87),2) -> 0.81 | K87: - | L87: 1 | M87: =ROUND(J87*G87*L87,2) -> 648 | N87: =M87/$M$96 -> 3.4129824e-05 | O87: =N87+O86 -> #REF! | P87: 79 | Q87: C
B88: 08.02 | C88: SICRO-ES | D88: 5915324 | E88: TRANSPORTE COM CAMINHÃO CARROCERIA DE 5 T - RODOVIA PAVIMENTADA | F88: TKM | G88: =MEMORIAL_QUANT.!K221 -> 256.54 | H88: 1.36 | I88: 0.2824 | J88: =ROUND(H88*(1+I88),2) -> 1.74 | K88: Obras Complementares | L88: 1.008 | M88: =ROUND(J88*G88*L88,2) -> 449.95 | N88: =M88/$M$96 -> 2.3698633e-05 | O88: =N88+O87 -> #REF! | P88: 80 | Q88: C
B89: 02.15 | C89: SINAPI-ES | D89: 100999 | E89: CARGA, MANOBRA E DESCARGA DE ENTULHO EM CAMINHÃO BASCULANTE 14 M³ - CARGA COM ESCAVADEIRA HIDRÁULICA (CAÇAMBA DE 0,80 M³ / 111 HP) E DESCARGA LIVRE (UNIDADE: T). AF_07/2020 | F89: T | G89: =MEMORIAL_QUANT.!K51 -> 50 | H89: 6.19 | I89: 0.2824 | J89: =ROUND(H89*(1+I89),2) -> 7.94 | K89: - | L89: 1 | M89: =ROUND(J89*G89*L89,2) -> 397 | N89: =M89/$M$96 -> 2.0909784e-05 | O89: =N89+O88 -> #REF! | P89: 81 | Q89: C
M96: =SUM(M10:M89) -> 18986327

Sheet COTAÇÕES
A1: COTAÇÃO DE MERCADO
A2: =[2]BDI!$A$4 -> OBRA:
A3: =[2]BDI!$A$5 -> ENDEREÇO:
A4: MERC - 01 | B4: DESCRIÇÃO | D4: UND | E4: PREÇO
A5: =COUNTIF($A$4:$A4,$A$4) -> 1 | B5: ENSAIO DE CARACTERIZAÇÃO DE SOLO COMPLETA (GRANULOMETRIA / LL / LP) | D5: UND | E5: =LARGE(E13:E14,1) -> 0
A7: CNPJ | B7: FORNECEDOR | C7: CONTATO | D7: PREÇO
D8: COTAÇÃO | E8: DATA BASE
D9: 45962 | E9: =[2]ORÇAMENTO!J3 -> DER-EDIF/SINAPI/SCORIO → AGO/25
E10: =ROUND(D10*($C$14/$C$13),2) -> 0
E11: =ROUND(D11*($C$14/$C$13),2) -> 0
E12: =ROUND(D12*($C$14/$C$13),2) -> 0
A13: CORREÇÃO DE VALOR | B13: Cotação | C13: 1 | D13: MÉDIA | E13: =ROUND(AVERAGE(E10:E12),2) -> 0
B14: Data Base | C14: 1 | D14: MEDIANA | E14: =ROUND(MEDIAN(E10:E12),2) -> 0
A17: MERC - 02 | B17: DESCRIÇÃO | D17: UND | E17: PREÇO
A18: =COUNTIF($A$4:$A17,$A$4) -> 1 | B18: ENSAIO DE COMPACTAÇÃO DE SOLO | D18: UND | E18: =LARGE(E26:E27,1) -> 0
A20: CNPJ | B20: FORNECEDOR | C20: CONTATO | D20: PREÇO
D21: COTAÇÃO | E21: DATA BASE
D22: 45962 | E22: =[2]ORÇAMENTO!J16 -> 13037.85
E23: =ROUND(D23*($C$14/$C$13),2) -> 0
E24: =ROUND(D24*($C$14/$C$13),2) -> 0
E25: =ROUND(D25*($C$14/$C$13),2) -> 0
A26: CORREÇÃO DE VALOR | B26: Cotação | C26: 1 | D26: MÉDIA | E26: =ROUND(AVERAGE(E23:E25),2) -> 0
B27: Data Base | C27: 1 | D27: MEDIANA | E27: =ROUND(MEDIAN(E23:E25),2) -> 0
A30: MERC - 03 | B30: DESCRIÇÃO | D30: UND | E30: PREÇO
A31: =COUNTIF($A$4:$A30,$A$4) -> 1 | B31: COLETA DE AMOSTRAS DEFORMADAS | D31: UND | E31: =LARGE(E39:E40,1) -> 0
A33: CNPJ | B33: FORNECEDOR | C33: CONTATO | D33: PREÇO
D34: COTAÇÃO | E34: DATA BASE
D35: 45962 | E35: =[2]ORÇAMENTO!J29 -> 15204.65
E36: =ROUND(D36*($C$14/$C$13),2) -> 0
E37: =ROUND(D37*($C$14/$C$13),2) -> 0
E38: =ROUND(D38*($C$14/$C$13),2) -> 0
A39: CORREÇÃO DE VALOR | B39: Cotação | C39: 1 | D39: MÉDIA | E39: =ROUND(AVERAGE(E36:E38),2) -> 0
B40: Data Base | C40: 1 | D40: MEDIANA | E40: =ROUND(MEDIAN(E36:E38),2) -> 0

Sheet BDI
A1: DETALHAMENTO DO BDI
A3: PROPONENTE: | B3: PREFEITURA MUNICIPAL DE COLATINA
A4: OBRA: | B4: CONTENÇÃO DE ENCOSTA, DRENAGEM E REVITALIZAÇÃO DE INFRAESTUTURA URBANA.
A5: ENDEREÇO: | B5: Bairro Vista da Serra, Colatina - ES
A7: 1. Regime de Contribuição Previdenciária
B9: Sem Desoneração
A11: 2. Tipo de Intervenção
B13: Obra de contenção
A15: 3. Incidências sobre o custo | F15: * ATENÇÃO: Se valor da planilha for maior que R$ 330.000,00, alterar os percentuais, conforme tabela abaixo:
A17: A - | B17: Administração Central | C17: 3.26 | D17: % | F17: Não alterar o ISS
A18: B - | B18: Administração Local | C18: 7.63 | D18: % | F18: BDI APENAS PARA OBRAS MUNICIPAIS OU ESTADUAIS - OBRAS COM RECURSO FEDERAL DEVEM SEGUIR O TCU
A19: D - | B19: Custos Financeiros | C19: 0.61 | D19: %
A20: E - | B20: Risco, Garantias e Seguros | C20: 1.5 | D20: %
A22: F - | B22: Lucro | C22: 7 | D22: %
A24: 4 – Incidências sobre o preço de venda
A26: C - | B26: Tributos | C26: =C29+C31+C32+C33 -> 5.65 | D26: %
B28: Percentual da base de cálculo para o ISS: | C28: 100 | D28: %
B29: Alíquota do ISS (sobre a base de cálculo): | C29: 2 | D29: %
B31: COFINS | C31: 3 | D31: %
B32: PIS | C32: 0.65 | D32: %
B33: INSS | C33: 0 | D33: %
A35: 5 – Demonstrativo de cálculo do BDI
B37: BDI = { [ ( 1 + A + B + E ) ] * ( 1 + D ) * ( 1 + F ) } -1 = | C37: =ROUND(((((1+((C17+C18+C20)/100))*(1+(C19/100))*(1+(C22/100)))/(1-(C26/100)))-1),4) -> 0.2824
B38: ( 1 - C )
A40: =CONCATENATE("Declaro para os devidos fins que, conforme legislação tributária municipal, a base de cálculo do ISS para ",B13," é de 100 %, com a respectiva alíquota de ",C29,"%") -> Declaro para os devidos fins que, conforme legislação tributária municipal, a base de cálculo do ISS para Obra de contenção é de 100 %, com a respectiva alíquota de 2%
A41: =CONCATENATE("Declaro para os devidos fins que o regime de Contribuição Previdenciária adotado para elaboração do orçamento foi ",B9,", e que esta é a alternativa mais adequada para a Administração Pública.") -> Declaro para os devidos fins que o regime de Contribuição Previdenciária adotado para elaboração do orçamento foi Sem Desoneração, e que esta é a alternativa mais adequada para a Administração Pública.
A43: BDI de acordo com a Resolução Nº 366, de 22 de novembro de 2022.
A47: Eng./Arq.
A48: CREA/CAU:

Sheet SOLO_GRAMPEADO_QTD
D1: ESPECIFIÇÕES DO PROJETISTA
D2: DRESCRIÇÃO | E2: UND | F2: QUANTIDADE | G2: ÍNDICE | H2: CUSTO UNITÁRIO | I2: CUSTO TOTAL
C3: 43055 | D3: ACO CA-50, 12,5 MM OU 16,0 MM, VERGALHAO | E3: KG | F3: =SUM(F4:F5) -> 28649.226 | G3: 1 | H3: 8 | I3: =F3*G3*H3 -> 229193.81
D4: 893 Grampos com L=18,5m, bitola 16mm, diâmetro do furo 100mm | E4: kg | F4: =893*18.5*1.578 -> 26069.349
D5: 893 com 2 Barrras de suporte para tela com L=1,5m, bitola de 12,5mm | E5: kg | F5: =893*(1.5*2)*0.963 -> 2579.877
C6: 39013 | D6: ESPACADOR/SEPARADOR /CENTRALIZADOR DE BARRA DE ACO, PLASTICO, (CHUMBADOR TIPO CARAMBOLA - CB), DIAMETRO INTERNO ATE 20 MM | E6: UND | F6: 893 | G6: 1 | H6: 1.27 | I6: =F6*G6*H6 -> 1134.11
D7: 893 espaçadores | E7: UND | F7: 893
C8: 90279 | D8: GRAUTE FGK=20 MPA; TRAÇO 1:0,04:1,8:2,1 (EM MASSA SECA DE CIMENTO/ CAL/ AREIA GROSSA/ BRITA 0) - PREPARO MECÂNICO COM BETONEIRA 400 L. AF_09/2021 | E8: M3 | F8: =F10 -> 129.75201 | G8: 1 | H8: 543.83 | I8: =F8*G8*H8 -> 70563.034
C9: a | D9: 893 Grampos com L=18,5m, bitola 16mm, diâmetro do furo 100mm | E9: M | F9: 16520.5
C10: b | D10: Total de Nata de cimento a * 0,007854 m² | E10: M3 | F10: =893*18.5*0.007854 -> 129.75201
C11: 104849 | D11: EXECUÇÃO DE PERFURAÇÃO PARA TIRANTE, COMPRIMENTO MAIOR OU IGUAL A 14 M E MENOR QUE 22 M, COM DIÂMETRO DE FURO DE 100 MM EXECUTADO COM HASTE UTILIZANDO PERFURATRIZ MANUAL SOBRE BASE DE MONTAGEM. AF_11/2023 | E11: M | F11: 16520.5 | G11: 1 | H11: 55.31 | I11: =F11*G11*H11 -> 913748.85
C12: COMP-1 (91076) | D12: EXECUÇÃO DE REVESTIMENTO DE CONCRETO PROJETADO COM ESPESSURA DE 15 CM, ARMADO COM TELA DE AÇO SOLDADA NERVURADA CA-60 Q-283, INCLINAÇÃO DE 90°, APLICAÇÃO CONTÍNUA, UTILIZANDO EQUIPAMENTO DE PROJEÇÃO COM 3 M³/H DE CAPACIDADE. AF_07/2024 | E12: M2 | F12: 2462.72 | G12: 1 | H12: =SUM(I13:I30) -> 471.91735 | I12: =F12*G12*H12 -> 1162200.3
C13: 370 | D13: Areia media - posto jazida/fornecedor (retirado na jazida, sem transporte) | E13: m3 | G13: 0.17385 | H13: 83.34 | I13: =G13*H13 -> 14.488659
C14: 1379 | D14: Cimento portland composto cp ii-32 | E14: kg | G14: 77.115 | H14: 0.66 | I14: =G14*H14 -> 50.8959
C15: 4720 | D15: Pedra britada n. 0, ou pedrisco (4,8 a 9,5 mm) posto pedreira/fornecedor, sem frete | E15: m3 | G15: 0.1122 | H15: 160.78 | I15: =G15*H15 -> 18.039516
C16: 43127 | D16: Tela de aco (Dupla) soldada nervurada, CA-60, Q-283 (4,48 kg/m2), diametro do fio = 6,0 mm, largura = 2,45 x 6,00 m de comprimento, espacamento da malha = 10 x 10 cm | E16: m2 | G16: =2*1.1845 -> 2.369 | H16: 41.1 | I16: =G16*H16 -> 97.3659
C17: 88297 | D17: Operador de máquinas e equipamentos com encargos complementares | E17: h | G17: 1.4775 | H17: 34.54 | I17: =G17*H17 -> 51.03285
C18: 88309 | D18: Pedreiro com encargos complementares | E18: h | G18: 0.7388 | H18: 28.13 | I18: =G18*H18 -> 20.782444
C19: 88316 | D19: Servente com encargos complementares | E19: h | G19: 2.2163 | H19: 21.6 | I19: =G19*H19 -> 47.87208
C20: 88377 | D20: Operador de betoneira estacionária/misturador com encargos complementares | E20: h | G20: 0.7388 | H20: 27.6 | I20: =G20*H20 -> 20.39088
C21: 88830 | D21: Betoneira capacidade nominal de 400 l, capacidade de mistura 280 l, motor elétrico trifásico potência de 2 cv, sem carregador - chp diurno. af_05/2023 | E21: chp | G21: 0.0843 | H21: 1.75 | I21: =G21*H21 -> 0.147525
C22: 88831 | D22: Betoneira capacidade nominal de 400 l, capacidade de mistura 280 l, motor elétrico trifásico potência de 2 cv, sem carregador - chi diurno. af_05/2023 | E22: chi | G22: 0.6545 | H22: 0.36 | I22: =G22*H22 -> 0.23562
C23: 90650 | D23: Bomba centrífuga monoestágio com motor elétrico monofásico, potência 15 hp, diâmetro do rotor 173 mm, hm/q = 30 mca / 90 m3/h a 45 mca / 55 m3/h - chp diurno. af_06/2015 | E23: chp | G23: 0.0407 | H23: 10.23 | I23: =G23*H23 -> 0.416361
C24: 90651 | D24: Bomba centrífuga monoestágio com motor elétrico monofásico, potência 15 hp, diâmetro do rotor 173 mm, hm/q = 30 mca / 90 m3/h a 45 mca / 55 m3/h - chi diurno. af_06/2015 | E24: chi | G24: 0.8712 | H24: 0.99 | I24: =G24*H24 -> 0.862488
C25: 90656 | D25: Bomba de projeção de concreto seco, potência 10 cv, vazão 3 m3/h - chp diurno. af_06/2015 | E25: chp | G25: 0.0407 | H25: 14.02 | I25: =G25*H25 -> 0.570614
C26: 90657 | D26: Bomba de projeção de concreto seco, potência 10 cv, vazão 3 m3/h - chi diurno. af_06/2015 | E26: chi | G26: 0.8712 | H26: 4.51 | I26: =G26*H26 -> 3.929112
C27: 90979 | D27: Compressor de ar rebocável, vazão 748 pcm, pressão efetiva de trabalho 102 psi, motor diesel, potência 210 cv - chp diurno. af_06/2015 | E27: chp | G27: 0.0407 | H27: 200.38 | I27: =G27*H27 -> 8.155466
C28: 90982 | D28: Compressor de ar rebocável, vazão 748 pcm, pressão efetiva de trabalho 102 psi, motor diesel, potência 210 cv - chi diurno. af_06/2015 | E28: chi | G28: 0.8712 | H28: 22.81 | I28: =G28*H28 -> 19.872072
... C30: 102726 | D30: Dreno barbacã, dn 50 mm, com material drenante. af_07/2021 | E30: un | G30: 0.25 | H30: 30.72 | I30: =G30*H30 -> 7.68
G33: Custo Final | I33: =SUM(I12,I11,I6,I3,I8) -> 2376840.1

Sheet TERRAPLENAGEM_QTD
B2: CÁLCULO ÁREAS E VOLUMES (Movimentação de terra)
B3: PROCESSO | C3: LIMPEZA (m²) | E3: CORTE (m³) | G3: ATERRO (m³) | I3: BOTA FORA (m³) | K3: EMPRÉSTIMO (m²)
C4: DESCRIÇÃO | D4: QTD | E4: DESCRIÇÃO | F4: QTD | G4: DESCRIÇÃO | H4: QTD | I4: DESCRIÇÃO | J4: QTD | K4: DESCRIÇÃO | L4: QTD
B5: Geral | C5: Limpeza para implantação do canteiro | D5: 6270
C6: Limpeza para abertura de acesso | D6: 8261.7
B7: 001/VOC/001 e 001/ESC/007 | E7: Escavação mecanizada Taludes de corte | F7: 25499.98 | G7: Aterro compactado | H7: 15285.6 | I7: Inclusive entulho espesura de 2m | J7: =F7-H7 -> 10214.38
E8: Escavação mecanizada Depósitos de sopé | F8: 16800 | H8: 0 | I8: Depósitos de sopé | J8: =F8-H8 -> 16800
E9: Escavação mecanizada Depósito de escorregamento | F9: 27076.88 | G9: Aterro compactado | H9: 11791.2 | I9: Excedente deposito escorregamento | J9: =F9-H9 -> 15285.68
E10: Escavação manual canaleta cortina atirantada | F10: 8.71 | J10: 8.71
B13: 001/SOL/011
E14: Escavação do Taludes do canal | F14: 8157.58 | G14: Aterro do canal | H14: 2589.45 | I14: Canal | J14: =F14-H14 -> 5568.13
E15: Regularização mecanizada taludes erosão | F15: 3700 | J15: 3700
B16: 001/RAV/006 | E16: Regularização manual taludes | F16: 7350 | J16: 7350
E17: Canaletas -Manual | F17: 4187.5 | G17: Canaletas | H17: 2164.18 | I17: Canaletas | J17: 2023.32
E18: Escadas Hidráulicas-Manual | F18: 1966.37 | G18: Escadas Hidráulicas | H18: 633.68 | I18: Escadas Hidráulicas | J18: 1332.69
B19: 001/RAV/005
B21: 001/ERS/010
B23: 001/ESR/004
B26: 001/RAV/002 | G26: Aterro da erosão | H26: 1900
B29: 001/RAV/003
B32: 001/DRE/012
B35: 001/DRE/009
B38: 001/DRE/008 | E38: Bacia de detenção | F38: 5534.99 | G38: Aterro | H38: 11.27 | I38: Bacia de detenção | J38: 5523.72
B41: 001/RAV/013
B52: TOTAL | D52: =SUM(D5:D51) -> 14531.7 | F52: =SUM(F7:F51) -> 100282.01 | H52: =(SUM(H7:H51)) -> 34375.38 | J52: =SUM(J7:J25) -> 62282.91 | L52: =(SUM(L5:L51)) -> 0
G54: =F52-H52 -> 65906.63
I55: =H52+J52 -> 96658.29
G56: =F9-H9 -> 15285.68
G60: 15285.68
E61: 0.8
E62: =((3.1415*(E61^2))/4)/2 -> 0.25132
E65: 0.06283 | F65: 40
E66: 0.1413675 | F66: 60
E67: 0.25132 | F67: 80
